 Dungeon Crawl Stone Soup version 0.29.1-14-g9c671dbff4 (webtiles) character file.

Game seed: 13753103744533891837

785981 xelsha the Grand Master (level 27, -3/204 HPs)
             Began as a Gnoll Air Elementalist on Feb 15, 2023.
             Was the Champion of Sif Muna.
             Killed from afar by Vaom (6 damage)
             ... with a great blast of fire
             ... on level 22 of a ziggurat on Feb 20, 2023.
             The game lasted 11:47:02 (136242 turns).

xelsha the Grand Master (Gnoll Air Elementalist)  Turns: 136242, Time: 11:47:03

Health: -3/204     AC: 42    Str: 19 (22) XL:     27
Magic:  32/41      EV: 24    Int: 25 (26) God:    Sif Muna [******]
Gold:   6439       SH: 35    Dex: 23 (25) Spells: 4/72 levels left

rFire   + + +      SeeInvis +   r - +3 Maxwell's thermic engine {flame, freeze}
rCold   + + +      Faith    .   C - +10 tower shield of Ignorance {rN+ Int-4}
rNeg    + + +      Spirit   .   R - +7 swamp dragon scales
rPois   ∞          Reflect  .   Q - +2 helmet {SInv}
rElec   .          Harm     .   L - +1 cloak {rCorr}
rCorr   +          Rampage  .   A - +1 pair of gloves of Mumblety Peg {*Corrode Int+6 Dex+3 Slay+2}
Will    +++++                   U - +3 pair of boots "Ziploc" {Regen+ Dex+5}
Stlth   ++++......              Z - amulet of Qinehudd {Acrobat rF+ Will+ Str+5}
HPRegen 1.24/turn               O - ring "Becvos" {rPois rF+ Will+ Str+4 Int+3}
MPRegen 0.27/turn               u - ring "Xocumen" {Wiz rF+ rC++ MP-9 Int+2}

@: lich-form, calling dragons, vertiginous, channelling, contaminated, slowed,
glowing, studying 5 skills, very slow
A: draining attack, torment immunity, no potions, fangs 1, strong nose,
distributed training, (berserk 1)
}: 4/15 runes: serpentine, barnacled, silver, abyssal
a: End Transformation, Renounce Religion, Channel Magic, Forget Spell, Divine
Exegesis


You were on level 22 of a ziggurat.
You worshipped Sif Muna.
Sif Muna was exalted by your worship.
You were an undead lich.
You visited 12 branches of the dungeon, and saw 52 of its levels.
You visited the Abyss 10 times.
You visited 1 ziggurat, and saw 22 of its levels.
You also visited: Gauntlet.

You collected 9484 gold pieces.
You spent 3045 gold pieces at shops.

Inventory:

Hand Weapons
 f - a +9 demon blade of venom
 h - a +9 hand crossbow of electrocution
 r - the +3 Maxwell's thermic engine (weapon) {flame, freeze}
   (You found it on level 21 of a ziggurat)

   It burns those it strikes, dealing additional fire damage.
   Big, fiery blades are also staple armaments of hydra-hunters.
   It freezes those it strikes, dealing additional cold damage.
   It can also slow down cold-blooded creatures.
   It becomes more effective when it hits something.
   This effect fades over time.
Armour
 y - a +5 tower shield of cold resistance
 A - the +1 pair of gloves of Mumblety Peg (worn) {*Corrode Int+6 Dex+3 Slay+2}
   (You bought it in a shop on level 1 of the Vaults)

   Int:       It affects your intelligence (+6).
   Dex:       It affects your dexterity (+3).
   Slay:      It affects your accuracy & damage with ranged weapons and melee
   (+2).
   *Corrode:  It may corrode you when you take damage.
 C - the +10 tower shield of Ignorance (worn) {rN+ Int-4}
   (You found it on level 11 of the Dungeon)

   Int:       It affects your intelligence (-4).
   rN:        It protects you from negative energy.
 L - a +1 cloak of preservation (worn)
 Q - a +2 helmet of see invisible (worn)
 R - +7 swamp dragon scales (worn)
 U - the +3 pair of boots "Ziploc" (worn) {Regen+ Dex+5}
   (You acquired it on level 10 of a ziggurat)

   Dex:       It affects your dexterity (+5).
   Regen:     It increases your rate of health regeneration.
Jewellery
 a - a ring of the Octopus King {rCorr HP+2 AC+2 EV+2 SH+2}
   (You found it on level 5 of the Vaults)

   [ring of resist corrosion]

   AC:        It affects your AC (+2).
   EV:        It affects your evasion (+2).
   HP:        It affects your health (+2).
   rCorr:     It protects you from acid and corrosion.
   SH:        It affects your SH (+2).
 e - the ring of Altruism {+Blink rN+ MP+9 Stlth+}
   (You found it on level 14 of a ziggurat)

   [ring of positive energy]

   rN:        It protects you from negative energy.
   MP:        It affects your magic capacity (+9).
   +Blink:    It lets you blink.
   Stlth:     It makes you more stealthy.
 g - the ring of Wokyt {rN+ SInv}
   (You found it on level 3 of the Crypt)

   [ring of positive energy]

   rN:        It protects you from negative energy.
   SInv:      It lets you see invisible.
 l - the ring "Tunecimue" {rF+ Will+ Dex+4}
   (You found it on level 5 of the Vaults)

   [ring of protection from fire]

   Dex:       It affects your dexterity (+4).
   rF:        It protects you from fire.
   Will:      It increases your willpower.
 u - the ring "Xocumen" (right hand) {Wiz rF+ rC++ MP-9 Int+2}
   (You acquired it in a Gauntlet)

   [ring of wizardry]

   It improves your spell success rate.
   Int:       It affects your intelligence (+2).
   rF:        It protects you from fire.
   rC:        It greatly protects you from cold.
   MP:        It affects your magic capacity (-9).
 E - the ring "Cich" {rElec rC- Int+5 Dex+6 Stlth-}
   (You found it on level 15 of a ziggurat)

   [ring of dexterity]

   Int:       It affects your intelligence (+5).
   Dex:       It affects your dexterity (+6).
   rC:        It makes you vulnerable to cold.
   rElec:     It insulates you from electricity.
   Stlth:     It makes you less stealthy.
 J - the ring "Esinoozo" {*Slow rElec rN++ rCorr EV+4}
   (You found it on level 12 of a ziggurat)

   [ring of evasion]

   EV:        It affects your evasion (+4).
   rElec:     It insulates you from electricity.
   rN:        It greatly protects you from negative energy.
   rCorr:     It protects you from acid and corrosion.
   *Slow:     It may slow you when you take damage.
 N - the ring of Pinelioh {Fly rN+ Dex+3 Slay+4}
   (You found it on level 20 of a ziggurat)

   [ring of slaying]

   Dex:       It affects your dexterity (+3).
   Slay:      It affects your accuracy & damage with ranged weapons and melee
   (+4).
   rN:        It protects you from negative energy.
   Fly:       It grants you flight.
 O - the ring "Becvos" (left hand) {rPois rF+ Will+ Str+4 Int+3}
   (You found it on level 7 of a ziggurat)

   [ring of poison resistance]

   Str:       It affects your strength (+4).
   Int:       It affects your intelligence (+3).
   rF:        It protects you from fire.
   rPois:     It protects you from poison.
   Will:      It increases your willpower.
 Z - the amulet of Qinehudd (around neck) {Acrobat rF+ Will+ Str+5}
   (You took it off a deep elf high priest on level 3 of the Elven Halls)

   [amulet of the acrobat]

   It increases your evasion while moving and waiting.
   Str:       It affects your strength (+5).
   rF:        It protects you from fire.
   Will:      It increases your willpower.
Wands
 k - a wand of mindburst (37)
 v - a wand of polymorph (11)
 x - a wand of quicksilver (35)
 V - a wand of roots (62)
 X - a wand of paralysis (52)
Scrolls
 n - 4 scrolls of fear
 p - 5 scrolls of blinking
 s - 17 scrolls of butterflies {nv}
 t - 19 scrolls of teleportation
 w - 12 scrolls of vulnerability
 B - 2 scrolls of torment
 D - 3 scrolls of acquirement
 G - 3 scrolls of silence
 M - a scroll of amnesia
 P - 17 scrolls of magic mapping
 Y - 5 scrolls of summoning
Potions
 b - 9 potions of magic
 d - 6 potions of heal wounds
 i - 28 potions of curing
 j - 17 potions of haste
 m - 15 potions of flight
 q - 8 potions of lignification
 z - 4 potions of mutation
 F - 8 potions of might
 H - 2 potions of berserk rage
 I - 5 potions of cancellation
 K - 6 potions of invisibility
 S - 4 potions of ambrosia
 T - 4 potions of resistance
 W - 11 potions of brilliance
Miscellaneous
 c - a box of beasts
 o - a phantom mirror


   Skills:
 + Level 22.6 Fighting
 + Level 22.6 Short Blades
 + Level 22.6 Long Blades
 + Level 24.3 Axes
 + Level 22.6 Maces & Flails
 + Level 25.8 Polearms
 + Level 22.7 Staves
 + Level 22.6 Ranged Weapons
 + Level 22.6 Throwing
 + Level 22.6 Armour
 + Level 23.0 Dodging
 + Level 22.9 Stealth
 + Level 22.6 Shields
 O Level 27 Unarmed Combat
 + Level 23.0 Spellcasting
 + Level 19.5 Conjurations
 + Level 19.4 Hexes
 + Level 19.4 Summonings
 + Level 19.4 Necromancy
 + Level 19.4 Translocations
 + Level 19.4 Transmutations
 + Level 19.4 Fire Magic
 + Level 20.4 Ice Magic
 + Level 20.0 Air Magic
 + Level 19.4 Earth Magic
 + Level 19.4 Poison Magic
 + Level 24.4 Invocations
 + Level 22.6 Evocations


You had 4 spell levels left.
You knew the following spells:

 Your Spells              Type           Power      Damage    Failure   Level
a - Irradiate             Conj/Tmut      45%        3d26      1%          5
b - Ignition              Fire           45%        3d13      5%          8
c - Swiftness             Air            92%        N/A       1%          3
d - Necromutation         Tmut/Necr      56%        N/A       5%          8
e - Ignite Poison         Fire/Tmut/Pois 90%        N/A       1%          3
f - Olgreb's Toxic Radia  Pois           90%        N/A       1%          4
g - Statue Form           Tmut/Erth      60%        N/A       1%          6
h - Lehudib's Crystal Sp  Conj/Erth      45%        10d11     5%          8
i - Yara's Violent Unrav  Hex/Tmut       45%        3d18      1%          5
j - Blink                 Tloc           100%       N/A       1%          2
k - Passwall              Tmut/Erth      75%        N/A       1%          2
l - Portal Projectile     Hex/Tloc       100%       N/A       1%          3
m - Iskenderun's Mystic   Conj/Tloc      90%        2d18      1%          4
n - Spellforged Servitor  Conj/Summ      45%        N/A       1%          7

Your spell library contained the following spells:

 Spells                   Type           Power      Damage    Failure   Level
 Apportation              Tloc           100%       N/A       1%          1
 Beastly Appendage        Tmut           100%       N/A       1%          1
 Foxfire                  Conj/Fire      100%       2x1d9     1%          1
 Freeze                   Ice            100%       1d11      1%          1
 Magic Dart               Conj           100%       1d8       1%          1
 Necrotise                Necr           100%       1d9       1%          1
 Sandblast                Erth           100%       2d20      1%          1
 Shock                    Conj/Air       100%       1d9       1%          1
 Slow                     Hex            100%       N/A       1%          1
 Sting                    Tmut/Pois      100%       1d8       1%          1
 Summon Small Mammal      Summ           100%       N/A       1%          1
 Call Imp                 Summ           90%        N/A       1%          2
 Ensorcelled Hibernation  Hex/Ice        100%       N/A       1%          2
 Poisonous Vapours        Pois/Air       100%       N/A       1%          2
 Scorch                   Fire           100%       2d10      1%          2
 Searing Ray              Conj           100%       2d8       1%          2
 Static Discharge         Conj/Air       91%        3-15/arc  1%          2
 Sublimation of Blood     Necr           100%       N/A       1%          2
 Wereblood                Tmut           90%        N/A       1%          2
 Call Canine Familiar     Summ           90%        N/A       1%          3
 Confusing Touch          Hex            90%        N/A       1%          3
 Conjure Flame            Conj/Fire      90%        6-21      1%          3
 Dazzling Flash           Conj/Hex       100%       N/A       1%          3
 Frozen Ramparts          Ice            100%       1d16      1%          3
 Gell's Gravitas          Tloc           90%        N/A       1%          3
 Inner Flame              Hex/Fire       90%        N/A       1%          3
 Lesser Beckoning         Tloc           90%        N/A       1%          3
 Mephitic Cloud           Conj/Pois/Air  91%        N/A       1%          3
 Ozocubu's Armour         Ice            92%        N/A       1%          3
 Spider Form              Tmut/Pois      90%        N/A       1%          3
 Stone Arrow              Conj/Erth      100%       3d13      1%          3
 Summon Guardian Golem    Hex/Summ       90%        N/A       1%          3
 Teleport Other           Tloc           90%        N/A       1%          3
 Tukima's Dance           Hex            90%        N/A       1%          3
 Vampiric Draining        Necr           100%       2d13      1%          3
 Airstrike                Air            46%        2d(7-23)  1%          4
 Anguish                  Hex/Necr       56%        N/A       1%          4
 Animate Armour           Summ/Erth      100%       N/A       1%          4
 Animate Dead             Necr           100%       N/A       1%          4
 Cause Fear               Hex            45%        N/A       1%          4
 Corpse Rot               Necr/Pois/Air  100%       N/A       1%          4
 Dispel Undead            Necr           100%       3d31      1%          4
 Flame Wave               Conj/Fire      90%        2d19      1%          4
 Fulminant Prism          Conj/Hex       45%        3d21      1%          4
 Hailstorm                Conj/Ice       91%        3d18      1%          4
 Ice Form                 Ice/Tmut       91%        N/A       1%          4
 Leda's Liquefaction      Hex/Erth       45%        N/A       1%          4
 Passage of Golubria      Tloc           90%        N/A       1%          4
 Petrify                  Tmut/Erth      90%        N/A       1%          4
 Sticky Flame             Conj/Fire      90%        2d10      1%          4
 Summon Ice Beast         Ice/Summ       91%        N/A       1%          4
 Summon Lightning Spire   Summ/Air       91%        N/A       1%          4
 Agony                    Necr           100%       N/A       1%          5
 Alistair's Intoxication  Tmut/Pois      60%        N/A       1%          5
 Blade Hands              Tmut           45%        N/A       1%          5
 Borgnjor's Vile Clutch   Necr/Erth      56%        N/A       1%          5
 Fireball                 Conj/Fire      45%        3d18      1%          5
 Freezing Cloud           Conj/Ice/Air   45%        6-21      1%          5
 Iskenderun's Battlesphe  Conj           90%        2d14      1%          5
 Lee's Rapid Deconstruct  Erth           45%        3d23*     1%          5
 Lightning Bolt           Conj/Air       45%        1d65      1%          5
 Manifold Assault         Tloc           90%        N/A       1%          5
 Metabolic Englaciation   Hex/Ice        45%        N/A       1%          5
 Silence                  Hex/Air        45%        N/A       1%          5
 Summon Forest            Summ/Tloc      45%        N/A       1%          5
 Summon Mana Viper        Hex/Summ       90%        N/A       1%          5
 Conjure Ball Lightning   Conj/Air       45%        3x3d16    1%          6
 Death Channel            Necr           56%        N/A       1%          6
 Dispersal                Tloc           45%        N/A       1%          6
 Eringya's Noxious Bog    Tmut/Pois      45%        N/A       1%          6
 Iron Shot                Conj/Erth      45%        9d9       1%          6
 Simulacrum               Ice/Necr       56%        N/A       1%          6
 Starburst                Conj/Fire      45%        6d13      1%          6
 Summon Cactus Giant      Summ           45%        N/A       1%          6
 Dragon Form              Tmut           45%        N/A       1%          7
 Enfeeble                 Hex            45%        N/A       1%          7
 Haunt                    Necr/Summ      56%        N/A       1%          7
 Malign Gateway           Summ/Tloc      45%        N/A       1%          7
 Monstrous Menagerie      Summ           45%        N/A       1%          7
 Orb of Destruction       Conj           45%        9d12      1%          7
 Ozocubu's Refrigeration  Ice            46%        4d17      1%          7
 Storm Form               Tmut/Air       45%        N/A       1%          7
 Summon Hydra             Summ           45%        N/A       1%          7
 Maxwell's Capacitive Co  Air            46%        ∞         4%          8
 Borgnjor's Revivificati  Necr           56%        N/A       5%          8
 Discord                  Hex            45%        N/A       5%          8
 Disjunction              Tloc           45%        N/A       5%          8
 Infestation              Necr           56%        N/A       5%          8
 Summon Horrible Things   Summ           45%        N/A       5%          8
 Polar Vortex             Ice            46%        N/A       36%         9
 Chain Lightning          Conj/Air       45%        3d60      43%         9
 Death's Door             Necr           56%        N/A       45%         9
 Dragon's Call            Summ           45%        N/A       45%         9
 Fire Storm               Conj/Fire      45%        8d11      45%         9
 Shatter                  Erth           45%        3d35*     45%         9


Dungeon Overview and Level Annotations

Branches:
Dungeon (15/15)            Temple (1/1) D:6            Lair (5/5) D:9
 Shoals (4/4) Lair:2        Snake (4/4) Lair:2        Slime (0/5) Lair:4
    Orc (2/2) D:12            Elf (3/3) Orc:2        Vaults (5/5) D:14
  Crypt (3/3) Vaults:2       Tomb (0/3) Crypt:3      Depths (4/4) D:15
   Hell (visited)             Dis (0/7) Hell            Geh (0/7) Hell
    Coc (0/7) Hell            Tar (0/7) Hell            Zot (5/5) Depths:4
Gauntlet (visited)

Altars:
Ashenzari
Cheibriados
Dithmenos
Elyvilon
Fedhas
Gozag
Hepliaklqana
Kikubaaqudgha
Makhleb
Nemelex Xobeh
Okawaru
Qazlal
Ru
Sif Muna
Trog
Uskayaw
Vehumet
Wu Jian
Xom
Yredelemnul
Zin
The Shining One
Jiyva

Shops:
D:2 ?   D:9 (   D:10 ?   Orc:2 ?*[:   Elf:1 *(!   Elf:3 *   Shoals:2 ?*[
Snake:4 :!   Vaults:1 [=[   Vaults:4 (   Depths:1 !   Depths:3 !

Portals:
Hell: Depths:1 Depths:2 Depths:3 Depths:4
Abyss: Depths:3
Pandemonium: Depths:1 Depths:2

Annotations:
D:11 1 runed translucent door, exclusion: orange crystal statue
Elf:3 1 runed translucent door, gargbit's ghost, adept SpHu
Zot:3 Hiwem's ghost, legendary TrBe


Innate Abilities, Weirdness & Mutations

You are an undead lich.
Your unarmed attacks are suffused with negative energy.
You are immune to unholy pain and torment.
Your necromantic spells are more powerful.
You cannot drink.
You are immune to poison.
You have very sharp teeth.
Your uncanny sense of smell can sniff out nearby items.
Your experience applies equally to all skills.
((You sometimes lose your temper in combat.))


Message History

A raging storm of fire appears!
The great blast of fire engulfs your ice dragon!!!
Your ice dragon is burned terribly!
The great blast of fire engulfs Feamelao!!
Feamelao partially resists.
The great blast of fire engulfs your spellforged servitor!!
Your spellforged servitor partially resists.
The great blast of fire engulfs Vaom!
Vaom partially resists.
The great blast of fire engulfs your quicksilver dragon!!!
The great blast of fire engulfs Qybum!
Qybum partially resists.
The great blast of fire engulfs you!! You partially resist.
* * * LOW HITPOINT WARNING * * *
You block Qybum's attack.
The Killer Klown says, "Trust me, I'm a doctor."
Your ice dragon is engulfed in blazing flames.
Your ice dragon barely misses Vaom.
Your ice dragon claws Vaom!
Your ice dragon misses Vaom.
Murad gestures at your quicksilver dragon.
The bolt of negative energy hits your quicksilver dragon!!!
Your quicksilver dragon is drained!
Your quicksilver dragon dies!
Your quicksilver dragon's corpse disappears in a puff of smoke!
An apocalypse crab comes into view.
Ygruasat gestures at you.
The wyvern blinks!
Vaom is engulfed in blazing flames.
Vaom gestures at your ice dragon.
A raging storm of fire appears!
The great blast of fire engulfs your ice dragon!!!
Your ice dragon is burned terribly!
Your ice dragon dies!
Your ice dragon's corpse disappears in a puff of smoke!
The great blast of fire engulfs Feamelao!
Feamelao partially resists.
The great blast of fire engulfs your spellforged servitor!
Your spellforged servitor partially resists.
The great blast of fire engulfs Vaom!!
Vaom partially resists.
Vaom dies!
The great blast of fire engulfs Qybum!!
Qybum partially resists.
The great blast of fire engulfs you. You partially resist.
You die...

******▓▓▓▓▓▓▓▓▓
*,,,,,........▓
*,,,,.........▓
*,,,,.........▓
*,,,,.........▓
*,,,,.........▓▓▓▓▓▓▓▓▓▓▓▓
,,,,,.........)&yl.......▓
,,,,,........§☼&Lv☼......▓
,,,,,.......†.v&vv☼......▓
,,,,,.........v☼v9☼......▓
,,,,,.........☼v○☼§......▓
,,,,,.........☼v☼○○p.....▓
,,,,,....t&&............∩▓
,,,,,....................▓
,,,,,....................▓
,,,,,.p..................▓


You could see Feamelao (invisible, misshapen), Murad (unaware, misshapen), Qybum
(invisible, misshapen), Ulosin, Ygruasat, a Killer Klown (misshapen), an
apocalypse crab, a queen bee, 8 fire vortices, a wyvern shaped shifter and a
friendly spellforged servitor (summoned).

Vanquished Creatures
  2 dread liches
  2 ancient liches
  2 royal mummies (Zig:11)
  Sojobo (Crypt:1)
  6 shard shrikes (Zig:21)
  2 pandemonium lords (Zig:22)
  Saint Roka (Depths:2)
  5 Killer Klowns (Zig:22)
  4 caustic shrikes (Depths:4)
  12 golden dragons
  Nikola (Vaults:3)
  11 bone dragons
  A profane servitor (Zig:14)
  2 Tzitzimimeh (Zig:14)
  A doom hound (Zig:14)
  4 electric golems
  13 tentacled monstrosities
  6 Ice Fiends (Zig:21)
  2 quicksilver dragons (shapeshifter) (Zig:22)
  15 liches
  2 Hell Sentinels (Abyss:3)
  2 walking crystal tomes (Depths:2)
  5 quicksilver dragons
  A tainted leviathan (Zig:14)
  Mlioglotl (Snake:2)
  3 deep elf blademasters (Elf:2)
  An acid blob (shapeshifter) (Zig:22)
  4 acid blobs
  3 deep elf master archers
  An Orb Guardian (Zot:5)
  6 titans
  6 ancient champions
  A kraken (Abyss:4)
  26 tentacled starspawn
  3 Executioners
  A sphinx (shapeshifter) (Zig:22)
  9 death cobs
  11 sphinxes
  A thorn hunter (Zig:10)
  Polyphemus (Shoals:2)
  3 revenants
  10 tengu reavers
  13 shadow dragons
  Kirke (D:12)
  A rockslime (Zig:16)
  23 storm dragons
  Ilsuiw (Shoals:2)
  16 draconian knights
  4 azure jellies (Zig:16)
  4 draconian monks
  A frost giant (shapeshifter) (Zig:22)
  The ghost of emiel the Geomancer, a journeyman OgEE of Vehumet (Lair:5)
  16 fire giants
  A fire giant (shapeshifter) (Zig:22)
  4 nagarajas
  An iron dragon (Vaults:4)
  18 frost giants
  3 emperor scorpions
  A caustic shrike zombie (Crypt:2)
  An iron dragon (shapeshifter) (Zig:22)
  8 draconian scorchers
  7 ghost moths
  A shard shrike simulacrum (Abyss:3)
  16 vault wardens
  8 deep elf sorcerers
  3 balrugs
  5 draconian shifters
  5 curse skulls
  2 ghouls (Zig:20)
  Louise (Shoals:2)
  An angel (Abyss:3)
  5 cacodemons
  4 draconian stormcallers
  2 war gargoyles
  54 very ugly things
  6 spriggan defenders
  2 orc warlords
  3 quicksilver oozes (Zig:16)
  A caustic shrike skeleton (Crypt:2)
  A spectral Killer Klown (Zot:3)
  5 reapers
  7 draconian annihilators
  4 deep elf elementalists (Elf:3)
  26 stone giants
  7 ironbound thunderhulks
  The ghost of p0werm0de the Cleaver, a journeyman PaCK of Xom (D:13)
  A juggernaut skeleton (Crypt:3)
  18 ironbound preservers
  6 green draconians
  Nessos (D:12)
  9 vampire knights
  2 lorocyprocas (Abyss:3)
  A starflower (Abyss:4)
  8 deep elf demonologists
  16 dire elephants
  6 putrid mouths
  9 deep elf annihilators
  5 purple draconians
  8 black draconians
  11 red draconians
  4 entropy weavers
  A minotaur (Gauntlet)
  5 white draconians
  A dire elephant (shapeshifter) (Zig:22)
  16 spark wasps
  An acid blob zombie (Crypt:1)
  4 eidola
  3 yellow draconians
  6 crystal guardians
  11 merfolk impalers
  4 blizzard demons
  2 mummy priests (Zig:11)
  12 ettins
  Josephine (D:10)
  12 deep elf death magi
  3 green deaths
  4 yaktaur captains
  12 fire dragons
  14 great orbs of eyes
  9 deep elf high priests
  3 jiangshi
  10 merfolk javelineers
  A shambling mangrove (Abyss:4)
  The ghost of gargbit the Nimble, a journeyman SpHu of Dithmenos (Lair:4)
  A fenstrider witch zombie (Crypt:3)
  2 hell beasts
  5 rakshasas
  A salamander tyrant (Snake:2)
  33 vault guards
  An alligator snapping turtle (Zig:15)
  12 ice dragons
  9 ironbound frosthearts
  4 peacekeepers
  2 spectral tengu (Zig:14)
  10 centaur warriors
  A quicksilver dragon skeleton (Crypt:3)
  5 boulder beetles
  2 ghost crabs
  8 hydras
  A jorogumo (Zig:12)
  4 catoblepae
  7 satyrs
  6 ogre magi
  2 caustic shrike simulacra
  2 merfolk avatars
  2 radroaches (Zig:12)
  4 spriggan skeletons (Crypt:3)
  9 spriggan air magi
  14 anacondas
  17 two-headed ogres
  An anaconda (shapeshifter) (Depths:2)
  3 death knights
  2 alligators (Zig:10)
  11 naga warriors
  5 merfolk aquamancers
  3 death scarabs (Zig:11)
  9 deep troll shamans
  An Orb Guardian skeleton (Crypt:1)
  An orc high priest (Elf:2)
  17 shock serpents
  9 hell hogs
  42 dancing weapons
  7 vampire magi
  26 thrashing horrors
  A spectral storm dragon (Zot:3)
  4 tengu warriors
  8 deep troll earth magi
  A hell knight (Depths:2)
  6 death yaks
  29 deep elf knights
  5 soul eaters
  8 naga sharpshooters
  10 sun demons
  2 titan skeletons
  6 spriggan berserkers (Depths:2)
  A fire crab (Abyss:4)
  2 salamander mystics
  7 spriggans
  A goliath frog (Zig:15)
  4 spatial maelstroms
  10 iron trolls
  A pharaoh ant (Zig:12)
  2 quicksilver dragon simulacra
  2 death drakes (Abyss:3)
  9 shadow wraiths
  35 skeletal warriors
  19 wretched stars
  3 orb spiders
  14 sixfirhies
  14 sea snakes
  16 deep elf archers
  2 obsidian statues (Zig:10)
  A death drake (shapeshifter) (Elf:2)
  13 glowing orange brains
  A golden dragon skeleton (Zig:11)
  61 deep trolls
  3 storm dragon skeletons
  4 swamp dragons
  A swamp dragon (shapeshifter) (Vaults:3)
  A steelbarb worm (Zig:12)
  A bunyip skeleton (Crypt:3)
  11 harpies
  13 flayed ghosts
  9 wizards
  21 ironbound convokers
  13 orc knights
  6 phantasmal warriors
  3 iron giant skeletons
  6 naga ritualists
  15 lindwurms
  5 shadow demons
  A stone giant zombie (Depths:1)
  A lindwurm (shapeshifter) (Vaults:4)
  12 mana vipers
  7 necromancers
  10 salamanders
  35 deep elf zephyrmancers
  3 anaconda skeletons (Crypt:3)
  27 fauns
  37 deep elf pyromancers
  42 ugly things
  8 orc sorcerers
  9 worldbinders
  15 manticores
  A manticore (shapeshifter) (Depths:2)
  A fire giant zombie (Depths:1)
  2 shining eyes
  4 will-o-the-wisps
  52 large abominations
  20 moths of wrath
  A salamander (shapeshifter) (Depths:2)
  A stone giant skeleton (Crypt:2)
  11 cyclopes
  5 elephants
  A human skeleton (Vaults:4)
  A fire giant skeleton (Zig:11)
  8 merfolk sirens
  A dire elephant zombie (Crypt:2)
  2 black mambas (shapeshifter)
  6 rust devils (Hell)
  A titan simulacrum (Hell)
  14 guardian serpents
  20 vault sentinels
  38 black mambas
  2 molten gargoyles (Hell)
  23 smoke demons
  6 apocalypse crabs
  2 storm dragon simulacra (Zot:3)
  2 gargoyles
  25 naga magi
  Joseph (D:7)
  3 unseen horrors (Abyss:3)
  An ice statue (Zig:10)
  2 water nymphs
  An eye of devastation (Zig:6)
  7 orange demons
  3 torpor snails
  An unseen horror (shapeshifter) (Abyss:3)
  4 centaur skeletons (Crypt:3)
  9 cane toads
  4 demonic crawlers
  16 ancient zymes
  35 yaktaurs
  3 efreet
  11 freezing wraiths
  3 hellions
  2 tormentors
  A yaktaur zombie (Vaults:4)
  A golden dragon simulacrum (Zot:3)
  2 hellwings (Abyss:3)
  4 tengu conjurers
  11 komodo dragons
  A yaktaur (shapeshifter) (Vaults:4)
  6 rime drakes
  4 ice devils
  32 merfolk
  11 trolls
  A yellow draconian skeleton (Crypt:3)
  A death yak skeleton (Crypt:2)
  A guardian mummy (Zig:11)
  2 trolls (shapeshifter)
  A polar bear (Lair:4)
  2 human zombies (Vaults:4)
  8 wind drakes
  A meliai (Zig:2)
  2 harpy zombies
  A red draconian skeleton (Crypt:1)
  3 red devils
  An iron troll skeleton (Crypt:3)
  A tengu simulacrum (Zig:11)
  A death drake zombie (Crypt:2)
  11 hornets
  37 raiju
  51 slime creatures
  32 blink frogs
  Prince Ribbit (D:8)
  9 snapping turtles
  A blink frog (shapeshifter) (Abyss:4)
  A meliai zombie (Crypt:3)
  5 harpy skeletons (Crypt:3)
  16 dream sheep
  3 jumping spiders
  A merfolk zombie (Crypt:2)
  112 starcursed masses
  A draconian simulacrum (Zot:3)
  29 flying skulls
  A black mamba zombie (Crypt:3)
  18 water elementals
  A satyr skeleton (Crypt:2)
  32 yaks
  3 vampires
  11 ynoxinuls
  A culicivora (Zig:12)
  A spriggan (shapeshifter) (Elf:1)
  9 air elementals
  An ushabti (Zig:11)
  4 fire elementals
  11 wraiths
  7 wyverns
  6 basilisks
  Grum (Lair:1)
  A hog (D:12)
  A human (D:12)
  2 redbacks
  4 golden eyes
  A golden eye (shapeshifter) (Vaults:5)
  18 chaos spawn
  11 neqoxecs
  2 redbacks (shapeshifter)
  A wind drake skeleton (Crypt:2)
  A swamp worm (shapeshifter) (Elf:1)
  6 vampire mosquitoes
  46 nagas
  4 spatial vortices (Abyss:3)
  7 acid dragons
  3 wargs
  37 small abominations
  11 water moccasins
  An ogre skeleton (Vaults:4)
  5 swamp drakes
  Duvessa (D:5)
  5 floating eyes (Depths:2)
  2 fire bat skeletons (Crypt:1)
  A hell hound (Abyss:3)
  2 naga skeletons (Crypt:3)
  2 glowing shapeshifter skeletons
  6 ice beasts (Zig:21)
  3 sky beasts
  24 orc warriors
  21 ogres
  A tengu (shapeshifter) (Zig:22)
  11 wolves
  12 centaurs
  An ice dragon simulacrum (Hell)
  A manticore skeleton (Crypt:3)
  An eye of devastation zombie (Crypt:2)
  A phantom (D:5)
  9 bullfrogs
  A komodo dragon skeleton (Crypt:1)
  11 earth elementals
  An elf skeleton (Crypt:3)
  19 wights
  Dowan (D:5)
  12 killer bees
  10 electric eels
  8 howler monkeys
  3 quasits (Abyss:3)
  13 orc priests
  4 hounds
  4 jellies
  An iron imp (Abyss:3)
  2 gnoll boudas
  Ijyb (D:4)
  3 iguanas
  15 orc wizards
  9 hell rats
  5 nameless horrors
  11 mummies (Zig:11)
  12 gnolls
  9 adders
  A river rat (D:3)
  4 white imps
  4 ufetubi
  3 worms
  A dart slug (D:1)
  61 orcs
  3 endoplasms
  4 giant cockroaches
  3 goblins
  7 hobgoblins
  5 kobolds
  4 quokkas
  4 ball pythons
  12 bats
  4 frilled lizards
  A frilled lizard zombie (Crypt:2)
  A gnoll zombie (Crypt:1)
  A hobgoblin zombie (Crypt:2)
  A jackal skeleton (Crypt:1)
  An orc zombie (Crypt:2)
  6 rats
  A bush (Abyss:3)
  2 lurking horrors (Abyss:3)
  A pillar of salt (Vaults:3)
  18 starspawn tentacles
  3 tentacles (Abyss:4)
3097 creatures vanquished.

Vanquished Creatures (collateral kills)
  2 dread liches
  An orb of fire (Zot:5)
  2 ancient liches
  Mara (Vaults:2)
  A shard shrike (Zig:21)
  A pandemonium lord (Zig:22)
  Geryon (Hell)
  A curse toe (Zot:4)
  5 golden dragons
  2 profane servitors
  A bone dragon (Zig:14)
  An electric golem (Zig:13)
  An iron giant (Zig:4)
  Jorgrun (Elf:2)
  6 tentacled monstrosities
  3 quicksilver dragons
  3 tentacled starspawn (Abyss:3)
  3 acid blobs
  A deep elf master archer (Elf:3)
  3 death cobs
  An ancient champion (Crypt:3)
  4 storm dragons
  2 shadow dragons
  4 revenants
  2 rockslimes
  A draconian scorcher (Zig:19)
  2 iron dragons (Hell)
  2 fire giants
  A nagaraja (Zig:15)
  An orc warlord (Zig:5)
  A ghost moth (Zot:4)
  A deep elf sorcerer (Elf:3)
  2 emperor scorpions
  A balrug (Depths:2)
  3 very ugly things (Abyss:3)
  3 deep elf elementalists (Elf:3)
  2 war gargoyles
  A draconian stormcaller (Depths:4)
  2 stone giants (Depths:2)
  A vampire knight (Zig:20)
  A deep elf demonologist (Elf:3)
  3 green draconians
  4 purple draconians
  A black draconian (Zot:3)
  A deep elf annihilator (Elf:3)
  A white draconian (Zig:19)
  An iron golem (Hell)
  2 red draconians
  An ettin (Depths:3)
  A deep elf death mage (Elf:3)
  9 eidola
  2 jiangshi (Crypt:2)
  5 fire dragons (Zig:18)
  A deep elf high priest (Zig:3)
  2 rakshasas (Abyss:3)
  3 ice dragons (Zig:18)
  A boulder beetle (D:13)
  A great orb of eyes (D:15)
  A spectral shadow dragon (Zig:14)
  2 ogre magi (Orc:2)
  A spriggan air mage (Depths:3)
  A juggernaut simulacrum (Zig:21)
  A merfolk aquamancer (Zig:15)
  2 death knights (Crypt:2)
  4 tengu warriors
  13 two-headed ogres
  2 hell hogs (Abyss:3)
  7 thrashing horrors (Abyss:3)
  A sun demon (Hell)
  3 iron trolls
  A deep elf knight (Elf:2)
  A sixfirhy (Abyss:3)
  9 skeletal warriors
  3 wretched stars (Abyss:3)
  A spatial maelstrom (Zig:8)
  2 sea snakes
  2 swamp dragons
  A deep troll (shapeshifter) (Abyss:3)
  2 spriggan druids
  An orange crystal statue (Zig:10)
  7 large abominations
  5 phantasmal warriors
  2 deep trolls (Depths:3)
  2 deep elf zephyrmancers
  An iron giant skeleton (Abyss:3)
  4 oklob plants (Lair:4)
  6 deep elf pyromancers
  2 will-o-the-wisps (Abyss:3)
  A mana viper (Snake:1)
  2 manticores (Zig:7)
  5 moths of wrath
  4 worldbinders
  A rust devil (Abyss:3)
  10 ugly things
  A merfolk siren (Zig:7)
  A vault sentinel (Vaults:2)
  2 apocalypse crabs
  3 black mambas
  A naga zombie (Abyss:4)
  A cane toad (Lair:3)
  Maggie (Lair:1)
  2 freezing wraiths
  2 komodo dragons
  An orange demon (Abyss:3)
  A tormentor (Abyss:3)
  12 smoke demons
  2 rime drakes
  2 tengu conjurers
  A hellwing (Abyss:3)
  A demonic crawler (Zig:12)
  A red devil (Abyss:3)
  A merfolk (Zig:15)
  2 ancient zymes
  A hornet (D:8)
  A bloated husk (Zig:10)
  A troll (D:13)
  13 blink frogs
  16 raiju
  A tyrant leech (Zig:10)
  2 air elementals (Zig:17)
  A meliai zombie (Crypt:3)
  3 flying skulls (Abyss:3)
  2 centaur simulacra
  2 water elementals (Depths:4)
  7 yaks
  3 ynoxinuls (Abyss:3)
  A fire elemental (Elf:1)
  5 wraiths
  5 steam dragons
  A basilisk (Lair:5)
  3 chaos spawn
  2 neqoxecs
  4 acid dragons
  A faun skeleton (Crypt:3)
  3 water moccasins
  2 orc warriors
  A black bear (D:9)
  2 swamp drakes
  2 ice beasts
  4 centaurs
  9 ogres (Orc:2)
  4 wolves
  3 bullfrogs
  A necrophage (D:7)
  11 small abominations
  An earth elemental (Zig:3)
  2 wights (Abyss:3)
  2 howler monkeys (D:13)
  23 starcursed masses
  A jelly (Abyss:3)
  An orc priest (Zig:5)
  An iron imp (Abyss:4)
  4 iguanas
  An orc wizard (Orc:2)
  A sky beast zombie (Crypt:2)
  A white imp (Abyss:3)
  An ufetubus (Abyss:3)
  6 orcs
  A frilled lizard skeleton (Crypt:2)
  A lurking horror (Abyss:4)
  3 starspawn tentacles (Abyss:3)
435 creatures vanquished.

Vanquished Creatures (others)
  A pandemonium lord (Zig:22)
  A tentacled starspawn (Abyss:3)
  A fire giant (Depths:2)
  A stone giant (Depths:2)
  An eleionoma (Zig:10)
  A skeletal warrior (Crypt:3)
  A swamp dragon (Zig:10)
  An ironbound convoker (Vaults:3)
  A deep elf archer (Zig:17)
  A deep elf zephyrmancer (Zig:17)
  An ugly thing (Vaults:3)
  A smoke demon (Hell)
  An ancient zyme (Abyss:3)
  A hornet (Vaults:5)
  An air elemental (Zig:17)
  A human (D:12)
  A neqoxec (Abyss:3)
  2 golden eyes (Abyss:4)
  A steam dragon (Lair:5)
  2 swamp drakes (Zig:18)
  2 wights (Abyss:3)
  A hell rat (Hell)
  3 small abominations (Abyss:3)
  5 demonic plants (Abyss:3)
  24 foxfires
  20 fungi
  A lurking horror (Abyss:3)
  2 pillars of salt (Vaults:3)
  219 plants
  62 starspawn tentacles
  5 tentacles (Abyss:4)
366 creatures vanquished.

Grand Total: 3898 creatures vanquished

Notes
Turn   | Place    | Note
-------+----------+-------------------------------------------
     0 | D:1      | xelsha the Gnoll Air Elementalist began the quest for the
                  | Orb.
     0 | D:1      | Reached XP level 1. HP: 13/13 MP: 6/6
   326 | D:1      | Reached XP level 2. HP: 19/19 MP: 5/7
   329 | D:1      | Learned a level 2 spell: Static Discharge
  1126 | D:2      | Reached skill level 5 in Spellcasting
  1126 | D:2      | Reached XP level 3. HP: 25/25 MP: 4/9
  1249 | D:2      | Found a faded altar of an unknown god.
  1256 | D:2      | Reached skill level 1 in Invocations
  1394 | D:2      | Found a shadowy altar of Dithmenos.
  1510 | D:2      | Reached skill level 1 in Fighting
  1510 | D:2      | Reached skill level 1 in Short Blades
  1510 | D:2      | Reached skill level 1 in Long Blades
  1510 | D:2      | Reached skill level 1 in Axes
  1510 | D:2      | Reached skill level 1 in Maces & Flails
  1510 | D:2      | Reached skill level 1 in Polearms
  1510 | D:2      | Reached skill level 1 in Staves
  1510 | D:2      | Reached skill level 1 in Ranged Weapons
  1510 | D:2      | Reached skill level 1 in Throwing
  1510 | D:2      | Reached skill level 1 in Armour
  1510 | D:2      | Reached skill level 1 in Shields
  1510 | D:2      | Reached skill level 1 in Unarmed Combat
  1510 | D:2      | Reached skill level 1 in Evocations
  1904 | D:2      | Found Iramosid's Magic Scroll Shoppe.
  1912 | D:2      | Bought a scroll of teleportation for 36 gold pieces
  1912 | D:2      | Bought a scroll of fear for 48 gold pieces
  2083 | D:3      | Reached XP level 4. HP: 32/32 MP: 8/11
  2669 | D:3      | Reached skill level 1 in Hexes
  2669 | D:3      | Reached skill level 1 in Summonings
  2669 | D:3      | Reached skill level 1 in Necromancy
  2669 | D:3      | Reached skill level 1 in Translocations
  2669 | D:3      | Reached skill level 1 in Transmutations
  2669 | D:3      | Reached skill level 1 in Fire Magic
  2669 | D:3      | Reached skill level 1 in Ice Magic
  2669 | D:3      | Reached skill level 1 in Earth Magic
  2669 | D:3      | Reached skill level 1 in Poison Magic
  2754 | D:3      | Reached XP level 5. HP: 6/37 MP: 3/12
  3189 | D:4      | Noticed Ijyb
  3197 | D:4      | Killed Ijyb
  3344 | D:4      | Noticed an ogre
  3350 | D:4      | Killed an ogre
  3351 | D:4      | Reached XP level 6. HP: 26/44 MP: 7/14
  3520 | D:4      | Learned a level 3 spell: Swiftness
  3671 | D:4      | Found a shadowy altar of Dithmenos.
  3683 | D:4      | Reached skill level 5 in Dodging
  3725 | D:4      | Found an ancient bone altar of Kikubaaqudgha.
  3887 | D:4      | Reached skill level 2 in Unarmed Combat
  4156 | D:5      | Entered Level 5 of the Dungeon
  4326 | D:5      | Reached XP level 7. HP: 48/51 MP: 11/15
  4717 | D:5      | Noticed Duvessa
  4956 | D:5      | Noticed Dowan
  5238 | D:5      | Killed Duvessa
  5239 | D:5      | Reached skill level 5 in Stealth
  5369 | D:5      | Killed Dowan
  5657 | D:5      | Learned a level 3 spell: Mephitic Cloud
  5661 | D:5      | Learned a level 3 spell: Ignite Poison
  5666 | D:5      | Learned a level 4 spell: Summon Lightning Spire
  5958 | D:6      | Reached skill level 3 in Unarmed Combat
  5958 | D:6      | Reached XP level 8. HP: 58/58 MP: 12/16
  6588 | D:6      | Identified the +6 dagger of a Labyrinth {vorpal, rF+ Str+2}
  6599 | D:6      | Found a staircase to the Ecumenical Temple.
  6893 | Temple   | Entered the Ecumenical Temple
  7390 | Temple   | Became a worshipper of Sif Muna the Loreminder
  7571 | D:7      | Noticed Joseph
  8057 | D:7      | Reached skill level 4 in Unarmed Combat
  8057 | D:7      | Reached XP level 9. HP: 65/65 MP: 12/18
  8130 | D:6      | HP: 2/65 [orc warrior/+0 trident (5)]
  8648 | D:6      | Found a staircase to the Ecumenical Temple.
  9512 | D:8      | Noticed Prince Ribbit
  9524 | D:8      | Killed Prince Ribbit
  9524 | D:8      | Reached * piety under Sif Muna
  9527 | D:8      | Reached skill level 5 in Invocations
 10962 | D:7      | Noticed a nameless horror
 11174 | D:6      | Killed a nameless horror
 12217 | D:7      | Killed Joseph
 12500 | D:9      | Noticed a hornet
 12835 | D:8      | Killed a hornet
 12836 | D:8      | Reached skill level 5 in Fighting
 12836 | D:8      | Reached skill level 5 in Short Blades
 12836 | D:8      | Reached skill level 5 in Long Blades
 12836 | D:8      | Reached skill level 5 in Axes
 12836 | D:8      | Reached skill level 5 in Maces & Flails
 12836 | D:8      | Reached skill level 5 in Polearms
 12836 | D:8      | Reached skill level 5 in Staves
 12836 | D:8      | Reached skill level 5 in Ranged Weapons
 12836 | D:8      | Reached skill level 5 in Throwing
 12836 | D:8      | Reached skill level 5 in Armour
 12836 | D:8      | Reached skill level 5 in Shields
 12836 | D:8      | Reached skill level 5 in Unarmed Combat
 12836 | D:8      | Reached skill level 5 in Evocations
 12836 | D:8      | Reached XP level 10. HP: 26/74 MP: 13/20
 13350 | D:9      | Noticed a two-headed ogre
 13366 | D:9      | Reached skill level 5 in Conjurations
 13700 | D:9      | Found Pytepyb's Weapon Shop.
 13715 | D:9      | Noticed a two-headed ogre
 14475 | D:9      | Found a staircase to the Lair.
 14626 | D:9      | Noticed a two-headed ogre
 15048 | D:9      | You fall into a shaft and drop 3 floors!
 15469 | D:10     | Entered Level 10 of the Dungeon
 15583 | D:9      | Killed a two-headed ogre
 15594 | D:9      | Killed a two-headed ogre
 15595 | D:9      | Reached skill level 6 in Unarmed Combat
 15595 | D:9      | Reached skill level 5 in Hexes
 15595 | D:9      | Reached skill level 5 in Summonings
 15595 | D:9      | Reached skill level 5 in Necromancy
 15595 | D:9      | Reached skill level 5 in Translocations
 15595 | D:9      | Reached skill level 5 in Transmutations
 15595 | D:9      | Reached skill level 5 in Fire Magic
 15595 | D:9      | Reached skill level 5 in Ice Magic
 15595 | D:9      | Reached skill level 5 in Earth Magic
 15595 | D:9      | Reached skill level 5 in Poison Magic
 15595 | D:9      | Reached XP level 11. HP: 81/81 MP: 12/23
 16134 | D:10     | Noticed a two-headed ogre
 16225 | D:10     | Found Ilofehouh's Magic Scroll Boutique.
 16508 | D:10     | Noticed Josephine
 16517 | D:10     | Killed Josephine
 16805 | D:10     | Killed a two-headed ogre
 17040 | D:11     | Noticed a cyclops
 17106 | D:11     | Killed a cyclops
 17394 | D:11     | Noticed a cyclops
 17406 | D:11     | Killed a cyclops
 17443 | D:11     | Found a runed translucent door.
 17454 | D:11     | Found a runed translucent door.
 17460 | D:11     | Found the +10 tower shield of Ignorance {rN+ Int-4}
 17521 | D:11     | Noticed an orange crystal statue
 17669 | Lair:1   | Entered Level 1 of the Lair of Beasts
 17739 | Lair:1   | Reached ** piety under Sif Muna
 17740 | Lair:1   | Reached skill level 7 in Unarmed Combat
 17777 | D:9      | Reached XP level 12. HP: 21/91 MP: 14/24
 17910 | Lair:1   | Noticed Grum
 17917 | Lair:1   | Killed Grum
 18064 | Lair:1   | Noticed a boulder beetle
 18074 | Lair:1   | Killed a boulder beetle
 18219 | Lair:1   | Noticed Maggie
 18232 | Lair:1   | Killed Maggie
 18681 | Lair:2   | Found a staircase to the Snake Pit.
 18867 | Lair:2   | Found a staircase to the Shoals.
 18960 | Lair:2   | Reached *** piety under Sif Muna
 19441 | Lair:2   | Reached skill level 8 in Unarmed Combat
 19538 | Lair:3   | Reached XP level 13. HP: 87/98 MP: 18/26
 20497 | Lair:4   | Reached **** piety under Sif Muna
 20658 | Lair:4   | Found a runed translucent gate.
 20659 | Lair:4   | Found a runed translucent gate.
 20684 | Lair:4   | Reached skill level 10 in Spellcasting
 20780 | Lair:4   | Found a gate leading to a gauntlet.
 20791 | Gauntlet | Entered a Gauntlet
 20791 | Gauntlet | Found a transporter.
 20799 | Gauntlet | Found a transporter.
 20801 | Gauntlet | Found a transporter.
 20806 | Gauntlet | Found a runed translucent door.
 20806 | Gauntlet | Found a runed translucent door.
 20811 | Gauntlet | Found a transporter.
 20814 | Gauntlet | Found a transporter.
 20824 | Gauntlet | Found a transporter.
 20840 | Gauntlet | Found a transporter.
 20853 | Gauntlet | Found a transporter.
 20860 | Gauntlet | Noticed a reaper
 20865 | Gauntlet | Found a transporter.
 20870 | Gauntlet | Found a transporter.
 20898 | Gauntlet | Found a transporter.
 20899 | Gauntlet | Found a transporter.
 20951 | Gauntlet | Found a transporter.
 20954 | Gauntlet | Found a transporter.
 21514 | Gauntlet | Gained mutation: You have hidden genetic defects. [a
                  | neqoxec]
 21612 | Gauntlet | Identified a scroll of acquirement
 21612 | Gauntlet | Acquired the ring "Xocumen" {Wiz rF+ rC++ MP-9 Int+2}
 21724 | Gauntlet | Identified the +0 helmet "Nan Vuovidd" {rCorr Str+3 Stlth+}
 21741 | Gauntlet | Learned a level 5 spell: Freezing Cloud
 21754 | Gauntlet | Noticed a minotaur
 21760 | Gauntlet | Killed a minotaur
 22185 | Lair:4   | Found a runed translucent gate.
 22186 | Lair:4   | Noticed gargbit's ghost (journeyman SpHu)
 22526 | Lair:4   | Found a viscous altar of Jiyva.
 23013 | Lair:4   | Reached skill level 10 in Dodging
 23635 | Lair:4   | Found a staircase to the Slime Pits.
 23921 | Lair:5   | Entered Level 5 of the Lair of Beasts
 23938 | Lair:5   | Gained mutation: You are clumsy. (Dex -2) [hidden defects]
 24329 | Lair:5   | Reached ***** piety under Sif Muna
 24363 | Lair:5   | Reached skill level 9 in Unarmed Combat
 24400 | Lair:5   | Found a runed translucent door.
 24401 | Lair:5   | Noticed emiel's ghost (journeyman OgEE)
 24416 | Lair:5   | Reached skill level 10 in Stealth
 24686 | Lair:5   | Received a gift from Sif Muna
 24707 | Lair:5   | Got Hineu's Atlas of Transmutation {god gift}
 24712 | Lair:5   | Noticed a fire dragon
 24721 | Lair:5   | Killed a fire dragon
 24722 | Lair:5   | Reached skill level 10 in Invocations
 24722 | Lair:5   | Reached XP level 14. HP: 108/108 MP: 19/28
 24726 | Lair:5   | Gained mutation: You are frail. (-10% HP) [hidden defects]
 24726 | Lair:5   | Lost mutation: You have hidden genetic defects. [hidden
                  | defects expressed]
 24732 | Lair:5   | Lost mutation: You are frail. (-10% HP) [potion of
                  | mutation]
 24732 | Lair:5   | Lost mutation: You are clumsy. (Dex -2) [potion of
                  | mutation]
 24732 | Lair:5   | Gained mutation: You expend magic power (3 MP) to
                  | strengthen your wands. [potion of mutation]
 24732 | Lair:5   | Gained mutation: You occasionally shout uncontrollably at
                  | your foes. [potion of mutation]
 26011 | Lair:5   | Identified the ring "Hozaddin" {Fire rN+ Str-3 SInv}
 26451 | D:11     | Learned a level 1 spell: Apportation
 26625 | D:12     | Noticed Nessos
 26631 | D:12     | Noticed Kirke
 26639 | D:12     | Killed Kirke
 26726 | D:11     | Learned a level 5 spell: Yara's Violent Unravelling
 27133 | D:12     | Killed Nessos
 28238 | D:12     | Found a staircase to the Orcish Mines.
 28831 | D:12     | Identified the +5 chain mail of the Other World {Fly rF+
                  | Dex+4 Stlth+}
 29325 | D:12     | Identified the +1 buckler of the Last Priests {Harm Will+++
                  | Dex+2 Stlth-}
 29741 | D:12     | Found a staircase to the Orcish Mines.
 30369 | D:13     | Found a runed translucent door.
 30369 | D:13     | Found a shimmering altar of Xom.
 30369 | D:13     | Noticed p0werm0de's ghost (journeyman PaCK)
 30600 | D:13     | Identified the +3 quarterstaff "Oxila" {drain, rF+ rCorr
                  | Str-4 Int+3}
 30891 | D:13     | Reached skill level 10 in Air Magic
 31087 | D:13     | Received a gift from Sif Muna
 31088 | D:13     | Got Hufaogha's Precepts of Invitation and the Iceberg {god
                  | gift}
 31107 | D:13     | Reached skill level 10 in Fighting
 31107 | D:13     | Reached skill level 10 in Short Blades
 31107 | D:13     | Reached skill level 10 in Long Blades
 31107 | D:13     | Reached skill level 10 in Axes
 31107 | D:13     | Reached skill level 10 in Maces & Flails
 31107 | D:13     | Reached skill level 10 in Polearms
 31107 | D:13     | Reached skill level 10 in Staves
 31107 | D:13     | Reached skill level 10 in Ranged Weapons
 31107 | D:13     | Reached skill level 10 in Throwing
 31107 | D:13     | Reached skill level 10 in Armour
 31107 | D:13     | Reached skill level 10 in Shields
 31107 | D:13     | Reached skill level 10 in Unarmed Combat
 31107 | D:13     | Reached skill level 10 in Evocations
 31793 | Lair:5   | Killed emiel's ghost
 33547 | Lair:4   | Killed gargbit's ghost
 33548 | Lair:4   | Reached XP level 15. HP: 102/115 MP: 9/30
 33961 | D:13     | Killed p0werm0de's ghost
 36090 | D:14     | Found a gate to the Vaults.
 36456 | D:15     | Entered Level 15 of the Dungeon
 38400 | D:13     | Learned a level 3 spell: Confusing Touch
 39172 | D:15     | Found a staircase to the Depths.
 39320 | D:15     | Found a white marble altar of Elyvilon.
 39888 | Orc:1    | Entered Level 1 of the Orcish Mines
 40914 | Orc:2    | Entered Level 2 of the Orcish Mines
 41216 | Orc:2    | Found a staircase to the Elven Halls.
 41989 | Orc:2    | Received a gift from Sif Muna
 41996 | Orc:2    | Reached XP level 16. HP: 76/124 MP: 4/32
 41996 | Orc:2    | Got Sif Muna's Compilation of Ensnaring Excavation {god
                  | gift}
 42164 | Orc:2    | Learned a level 2 spell: Passwall
 42342 | Orc:2    | Reached skill level 11 in Unarmed Combat
 42685 | Orc:2    | Found Sehaid's Armour Boutique.
 42685 | Orc:2    | Found Sadduheorr's Magic Scroll Shoppe.
 42686 | Orc:2    | Found Eshi's Book Emporium.
 42686 | Orc:2    | Found Woamo's Assorted Antiques.
 42694 | Orc:2    | Bought the Unrestrained Analects for 528 gold pieces
 42695 | Orc:2    | Bought a scroll of blinking for 240 gold pieces
 42696 | Orc:2    | Bought a scroll of blinking for 120 gold pieces
 42696 | Orc:2    | Bought a scroll of enchant armour for 120 gold pieces
 42697 | Orc:2    | Bought a scroll of brand weapon for 152 gold pieces
 42697 | Orc:2    | Bought a scroll of summoning for 152 gold pieces
 42776 | Orc:2    | Learned a level 4 spell: Olgreb's Toxic Radiance
 42865 | Elf:1    | Entered Level 1 of the Elven Halls
 43649 | Elf:1    | Found a radiant altar of Vehumet.
 44682 | Elf:1    | Paralysed by an air elemental for 1 turns
 44689 | Elf:1    | Paralysed by an air elemental for 1 turns
 44692 | Elf:1    | Paralysed by an air elemental for 1 turns
 44974 | Elf:1    | Found Zuntiq's General Store.
 44976 | Elf:1    | Found Xir Imo's Antique Weapon Shoppe.
 44978 | Elf:1    | Found Hetholi's Distillery.
 45070 | Elf:1    | Bought a scroll of enchant armour for 120 gold pieces
 45395 | Elf:1    | Bought a potion of heal wounds for 70 gold pieces
 45395 | Elf:1    | Bought a potion of heal wounds for 70 gold pieces
 45395 | Elf:1    | Bought a potion of heal wounds for 70 gold pieces
 45395 | Elf:1    | Bought a potion of curing for 42 gold pieces
 46859 | Elf:1    | Reached skill level 10 in Conjurations
 47564 | Elf:1    | Got the Tome of Congregated Battling
 47702 | Elf:1    | Learned a level 4 spell: Iskenderun's Mystic Blast
 48077 | Elf:2    | Reached XP level 17. HP: 133/133 MP: 9/33
 48350 | Elf:2    | Reached skill level 10 in Hexes
 48350 | Elf:2    | Reached skill level 10 in Summonings
 48350 | Elf:2    | Reached skill level 10 in Necromancy
 48350 | Elf:2    | Reached skill level 10 in Translocations
 48350 | Elf:2    | Reached skill level 10 in Transmutations
 48350 | Elf:2    | Reached skill level 10 in Fire Magic
 48350 | Elf:2    | Reached skill level 10 in Ice Magic
 48350 | Elf:2    | Reached skill level 10 in Earth Magic
 48350 | Elf:2    | Reached skill level 10 in Poison Magic
 48391 | Elf:2    | Found a runed translucent gate.
 48392 | Elf:2    | Found a runed translucent gate.
 48392 | Elf:2    | Found a runed translucent gate.
 48679 | Elf:2    | Paralysed by an air elemental for 1 turns
 48681 | Elf:2    | Paralysed by an air elemental for 1 turns
 48685 | Elf:2    | Paralysed by an air elemental for 1 turns
 48690 | Elf:2    | Paralysed by an air elemental for 1 turns
 48707 | Elf:2    | Noticed Jorgrun
 48944 | Elf:2    | Killed Jorgrun
 49068 | Elf:2    | Received a gift from Sif Muna
 49072 | Elf:2    | Got Sif Muna's Quarto of Blasts {god gift}
 49458 | Elf:2    | Reached skill level 12 in Unarmed Combat
 49965 | Elf:2    | Paralysed by an air elemental for 1 turns
 49969 | Elf:2    | Paralysed by an air elemental for 1 turns
 51951 | Elf:3    | Entered Level 3 of the Elven Halls
 51958 | Elf:3    | Found Letabbac's General Store.
 52647 | Elf:3    | Found a runed translucent door.
 52649 | Elf:3    | Found a shimmering altar of Xom.
 52649 | Elf:3    | Noticed gargbit's ghost (adept SpHu)
 52650 | Elf:3    | Identified the +1 halberd "Vopt" {chaos, rC- Int+5 SInv}
 52995 | Elf:3    | Noticed a deep elf master archer
 52999 | Elf:3    | HP: 6/135 [deep elf master archer/arrow (28)]
 53005 | Elf:3    | Killed a deep elf master archer
 53006 | Elf:3    | Reached XP level 18. HP: 37/141 MP: 20/35
 53510 | Elf:3    | Paralysed by an air elemental for 1 turns
 53514 | Elf:3    | Paralysed by an air elemental for 1 turns
 53520 | Elf:3    | Paralysed by an air elemental for 1 turns
 53524 | Elf:3    | Paralysed by an air elemental for 1 turns
 53530 | Elf:2    | Paralysed by an air elemental for 1 turns
 53533 | Elf:2    | Paralysed by an air elemental for 1 turns
 53731 | Elf:3    | Noticed a deep elf blademaster
 53734 | Elf:3    | Noticed a deep elf blademaster
 53750 | Elf:2    | Killed a deep elf blademaster
 53963 | Elf:2    | Killed a deep elf blademaster
 54233 | Elf:3    | Identified the ring "Uchote" {rN+ rCorr Stlth+}
 55010 | Elf:3    | Noticed a deep elf blademaster
 55137 | Elf:2    | Killed a deep elf blademaster
 55409 | Elf:3    | Received a gift from Sif Muna
 55410 | Elf:3    | Got Sif Muna's Disquisition on Hurtful Beguiling {god gift}
 56071 | Elf:3    | Identified the +2 ring mail "Qonaewk" {rElec rF+ rN+ Int-2}
 56071 | Elf:3    | Identified the amulet of Qinehudd {Acrobat rF+ Will+ Str+5}
 56394 | Elf:3    | Noticed a deep elf master archer
 56416 | Elf:3    | Noticed a deep elf master archer
 56418 | Elf:3    | Killed a deep elf master archer
 56731 | Elf:3    | Killed a deep elf master archer
 57132 | Elf:3    | Reached skill level 13 in Unarmed Combat
 57224 | Elf:3    | Got Sif Muna's Cyclopedia of Geology
 57254 | Elf:3    | Identified the +11 sling of Iroca {freeze, rN++ Str-2}
 57255 | Elf:3    | Identified the +3 shortbow of Fortitude {vorpal, rF+ Will-
                  | Dex+3 SInv}
 57447 | Elf:3    | Identified the +4 shortbow of Fortitude {freeze, +Blink rF+
                  | Stlth+}
 57505 | Elf:3    | Identified the +2 pair of boots of a wizard's laboratory
                  | {*Slow rPois rN+ Str-5 Slay+4}
 57626 | Elf:3    | Learned a level 5 spell: Irradiate
 58314 | Snake:1  | Entered Level 1 of the Snake Pit
 59094 | Snake:1  | Identified the +5 mace of Income {vorpal, Will+ Dex+3}
 60115 | Snake:1  | Found a broken altar of Ashenzari.
 60704 | Snake:2  | Reached XP level 19. HP: 109/149 MP: 22/37
 62098 | Snake:2  | Identified the +7 quarterstaff of the Apocalypse {vamp,
                  | Str+4}
 64102 | Snake:2  | Received a gift from Sif Muna
 64242 | Snake:2  | Got Sif Muna's Omnibus of Unclean Blows and Bruises {god
                  | gift}
 65589 | Snake:3  | Noticed Mlioglotl
 65753 | Snake:2  | Gained mutation: Potions are less effective at restoring
                  | your health. [mutagenic glow]
 65757 | Snake:2  | Killed Mlioglotl
 65758 | Snake:2  | Reached skill level 14 in Unarmed Combat
 66318 | Snake:2  | Lost mutation: You occasionally shout uncontrollably at
                  | your foes. [potion of mutation]
 66318 | Snake:2  | Lost mutation: Potions are less effective at restoring your
                  | health. [potion of mutation]
 66318 | Snake:2  | Lost mutation: You expend magic power (3 MP) to strengthen
                  | your wands. [potion of mutation]
 66318 | Snake:2  | Gained mutation: You sometimes lose your temper in combat.
                  | [potion of mutation]
 66318 | Snake:2  | Gained mutation: You have large cloven feet. [potion of
                  | mutation]
 66318 | Snake:2  | Gained mutation: You are clumsy. (Dex -2) [potion of
                  | mutation]
 66318 | Snake:2  | Gained mutation: You are partially covered in iridescent
                  | scales. (AC +2) [potion of mutation]
 66319 | Snake:2  | Lost mutation: You are clumsy. (Dex -2) [potion of
                  | mutation]
 66319 | Snake:2  | Lost mutation: You are partially covered in iridescent
                  | scales. (AC +2) [potion of mutation]
 66319 | Snake:2  | Lost mutation: You have large cloven feet. [potion of
                  | mutation]
 66319 | Snake:2  | Gained mutation: You are agile. (Dex +4, Str/Int -1)
                  | [potion of mutation]
 66319 | Snake:2  | Gained mutation: You have an increased reservoir of magic.
                  | (+10% MP) [potion of mutation]
 66319 | Snake:2  | Lost mutation: You are agile. (Dex +4, Str/Int -1) [potion
                  | of mutation]
 67885 | Snake:4  | Entered Level 4 of the Snake Pit
 68138 | Snake:3  | Gained mutation: Armour fits poorly on your strangely
                  | shaped body. [mutagenic glow]
 68227 | Snake:3  | Lost mutation: You have an increased reservoir of magic.
                  | (+10% MP) [potion of mutation]
 68227 | Snake:3  | Lost mutation: You sometimes lose your temper in combat.
                  | [potion of mutation]
 68227 | Snake:3  | Gained mutation: You have sharp toenails. [potion of
                  | mutation]
 68227 | Snake:3  | Gained mutation: You have a pair of small horns on your
                  | head. [potion of mutation]
 68563 | Snake:4  | Found Teawkukk's Distillery.
 68573 | Snake:4  | Bought a potion of mutation for 128 gold pieces
 68573 | Snake:4  | Bought a potion of heal wounds for 80 gold pieces
 68573 | Snake:4  | Lost mutation: You have sharp toenails. [potion of
                  | mutation]
 68573 | Snake:4  | Lost mutation: Armour fits poorly on your strangely shaped
                  | body. [potion of mutation]
 68573 | Snake:4  | Gained mutation: You have an increased reservoir of magic.
                  | (+10% MP) [potion of mutation]
 68573 | Snake:4  | Gained mutation: You do not regenerate when monsters are
                  | visible. [potion of mutation]
 68573 | Snake:4  | Gained mutation: Your flesh is heat resistant. (rF+)
                  | [potion of mutation]
 68622 | Snake:4  | Found Beofoob's Book Shop.
 71224 | Snake:4  | Got a serpentine rune of Zot
 71247 | Snake:4  | Reached skill level 15 in Invocations
 72120 | Shoals:1 | Entered Level 1 of the Shoals
 72123 | Shoals:1 | Received a gift from Sif Muna
 72127 | Shoals:1 | Got Sif Muna's Octavo of Shapes and Flames {god gift}
 72351 | Shoals:1 | Reached XP level 20. HP: 138/158 MP: 33/42
 73164 | Shoals:2 | Found Xixkint's General Store.
 73165 | Shoals:2 | Found Moatteap's Antique Armour Shoppe.
 73176 | Shoals:2 | Noticed Polyphemus
 73180 | Shoals:2 | Reached skill level 15 in Unarmed Combat
 73182 | Shoals:2 | Killed Polyphemus
 74470 | Shoals:2 | Bought a potion of resistance for 190 gold pieces
 74470 | Shoals:2 | Bought a +2 pair of boots of flying for 408 gold pieces
 74703 | Shoals:2 | Identified the amulet "Ciocoqug" {Reflect Str+7 Dex+6 SH+5
                  | Stlth-}
 75533 | Shoals:2 | Noticed Louise
 75537 | Shoals:2 | Killed Louise
 75627 | Shoals:2 | Reached skill level 15 in Spellcasting
 75806 | Shoals:2 | Noticed Ilsuiw
 75840 | Shoals:2 | Killed Ilsuiw
 75991 | Shoals:2 | Found Etwiesei's Magic Scroll Emporium.
 76542 | Shoals:3 | Received a gift from Sif Muna
 77127 | Shoals:3 | Reached skill level 15 in Dodging
 77463 | Shoals:3 | Found a snail-covered altar of Cheibriados.
 77953 | Shoals:4 | Entered Level 4 of the Shoals
 78443 | Shoals:4 | Reached skill level 15 in Stealth
 78900 | Shoals:4 | Got a barnacled rune of Zot
 79366 | Shoals:4 | Identified the +7 hand axe of Noon {freeze, Fly rPois
                  | Int+3}
 79821 | Shoals:2 | Lost mutation: You have a pair of small horns on your head.
                  | [potion of mutation]
 79821 | Shoals:2 | Lost mutation: Your flesh is heat resistant. (rF+) [potion
                  | of mutation]
 79821 | Shoals:2 | Gained mutation: Your body sometimes deteriorates upon
                  | taking damage. [potion of mutation]
 80093 | Vaults:1 | Entered Level 1 of the Vaults
 80144 | Vaults:1 | Reached skill level 16 in Unarmed Combat
 80226 | D:14     | Reached XP level 21. HP: 79/166 MP: 8/44
 80685 | Vaults:1 | Received a gift from Sif Muna
 80777 | Vaults:1 | Got Sif Muna's Compilation of the Turbulent Lithosphere
                  | {god gift}
 81399 | Vaults:1 | Found Tamnad's Antique Armour Emporium.
 81733 | Vaults:1 | Found Dihesy's Jewellery Emporium.
 81733 | Vaults:1 | Found Imarocep's Armour Emporium.
 81737 | Vaults:1 | Bought a pair of fine gloves for 351 gold pieces
 81737 | Vaults:1 | Identified the +1 pair of gloves of Mumblety Peg {*Corrode
                  | Int+6 Dex+3 Slay+2} (You bought it in a shop on level 1 of
                  | the Vaults)
 81797 | Vaults:1 | Got the Guidebook on Spellbinding and Spelunking
 82925 | Vaults:2 | You are sucked into a shaft and drop 2 floors!
 83076 | Vaults:3 | Noticed a golden dragon
 83104 | Vaults:3 | Killed a golden dragon
 83104 | Vaults:3 | Received a gift from Sif Muna
 83110 | Vaults:3 | Got Zimpuec's Atlas of Lethal Guile {god gift}
 83397 | Vaults:3 | Noticed Nikola
 83418 | Vaults:3 | Killed Nikola
 83419 | Vaults:3 | Reached skill level 15 in Fighting
 83419 | Vaults:3 | Reached skill level 15 in Short Blades
 83419 | Vaults:3 | Reached skill level 15 in Long Blades
 83419 | Vaults:3 | Reached skill level 15 in Axes
 83419 | Vaults:3 | Reached skill level 15 in Maces & Flails
 83419 | Vaults:3 | Reached skill level 15 in Polearms
 83419 | Vaults:3 | Reached skill level 15 in Staves
 83419 | Vaults:3 | Reached skill level 15 in Ranged Weapons
 83419 | Vaults:3 | Reached skill level 15 in Throwing
 83419 | Vaults:3 | Reached skill level 15 in Armour
 83419 | Vaults:3 | Reached skill level 15 in Shields
 83419 | Vaults:3 | Reached skill level 15 in Evocations
 83635 | Vaults:3 | Found a crumbling gateway.
 85060 | Vaults:3 | Reached skill level 17 in Unarmed Combat
 85349 | Vaults:3 | Noticed Mara
 85355 | Vaults:3 | Noticed xelsha's illusion
 85937 | Vaults:2 | Noticed xelsha's illusion
 86468 | Vaults:2 | Noticed xelsha's illusion
 86471 | Vaults:2 | Killed Mara
 86533 | Vaults:2 | Reached XP level 22. HP: 102/175 MP: 37/46
 87217 | Vaults:2 | Found a staircase to the Crypt.
 88404 | Vaults:3 | Learned a level 1 spell: Necrotise
 88413 | Vaults:3 | Learned a level 7 spell: Spellforged Servitor
 89046 | Vaults:2 | Received a gift from Sif Muna
 89508 | Vaults:2 | Got Sif Muna's Compilation of Productive Evolution {god
                  | gift}
 90479 | Vaults:4 | Paralysed by a great orb of eyes for 5 turns
 90582 | Vaults:4 | Reached skill level 18 in Unarmed Combat
 91738 | Vaults:4 | Reached XP level 23. HP: 167/183 MP: 35/47
 91893 | Vaults:4 | Found Vyol's Weapon Boutique.
 92407 | Vaults:4 | Paralysed by a great orb of eyes for 2 turns
 92460 | Vaults:4 | Received a gift from Sif Muna
 92480 | Vaults:4 | Got Bih Lym's Folio of Transformed Evil Mysteries {god
                  | gift}
 92647 | Vaults:4 | Learned a level 6 spell: Statue Form
 92906 | Depths:1 | Entered Level 1 of the Depths
 93279 | Depths:1 | Found Aschiemp Miph's Distillery.
 93833 | Depths:1 | Found a one-way gate leading to the halls of Pandemonium.
 93930 | Depths:1 | Found a gateway to Hell.
 93956 | Depths:1 | Found a shadowy altar of Dithmenos.
 94215 | Vaults:4 | Lost mutation: You do not regenerate when monsters are
                  | visible. [potion of mutation]
 94215 | Vaults:4 | Lost mutation: You have an increased reservoir of magic.
                  | (+10% MP) [potion of mutation]
 94215 | Vaults:4 | Lost mutation: Your body sometimes deteriorates upon taking
                  | damage. [potion of mutation]
 94215 | Vaults:4 | Gained mutation: You are robust. (+10% HP) [potion of
                  | mutation]
 94215 | Vaults:4 | Gained mutation: You have sharp toenails. [potion of
                  | mutation]
 94215 | Vaults:4 | Gained mutation: Your movements are slightly less
                  | encumbered by armour. (ER -2) [potion of mutation]
 94262 | Vaults:4 | Learned a level 5 spell: Fireball
 95827 | Depths:2 | Noticed Saint Roka
 95838 | Depths:2 | Killed Saint Roka
 95859 | Depths:2 | Paralysed by a floating eye for 4 turns
 95867 | Depths:2 | Paralysed by a floating eye for 4 turns
 96455 | Depths:2 | Reached skill level 19 in Unarmed Combat
 97403 | Depths:2 | Identified the +2 leather armour "Piogh" {Int+3 Stlth+}
 97541 | Depths:2 | Received a gift from Sif Muna
 97581 | Depths:2 | Reached skill level 15 in Air Magic
 97911 | Depths:2 | Got Sif Muna's Tome of the Pyromaniac {god gift}
 98046 | Depths:2 | Reached XP level 24. HP: 207/212 MP: 35/44
 98278 | Depths:2 | Paralysed by a floating eye for 2 turns
 98469 | Depths:2 | Identified the +5 plate armour "Monir" {rF+ Str+2}
 98600 | Depths:2 | Paralysed by a floating eye for 3 turns
 98610 | Depths:2 | Paralysed by a floating eye for 3 turns
 99746 | Depths:2 | Learned a level 7 spell: Orb of Destruction
 99913 | Depths:3 | Received a gift from Sif Muna
100140 | Depths:3 | Found a one-way gateway to a ziggurat.
100205 | Depths:3 | Reached skill level 20 in Unarmed Combat
100475 | Depths:3 | Found a one-way gate to the infinite horrors of the Abyss.
100621 | Depths:3 | Received a gift from Sif Muna
100625 | Depths:3 | Got Sif Muna's Volume of Despicable Magic and the Impact
                  | {god gift}
100889 | Depths:3 | Identified the +8 rapier "Nuckud" {pain, Int+2}
101379 | Depths:3 | Found Voti's Distillery.
101702 | Depths:4 | Entered Level 4 of the Depths
102377 | Depths:4 | Reached XP level 25. HP: 217/221 MP: 35/44
103212 | Depths:4 | Found a gate to the Realm of Zot.
103890 | Depths:4 | Reached skill level 15 in Conjurations
104344 | Crypt:1  | Entered Level 1 of the Crypt
104548 | Crypt:1  | Noticed Sojobo
104571 | Crypt:1  | Killed Sojobo
105178 | Crypt:2  | Received a gift from Sif Muna
105179 | Crypt:2  | Got Sif Muna's Compendium of the Grisly Map {god gift}
105190 | Crypt:2  | Learned a level 8 spell: Lehudib's Crystal Spear
106070 | Crypt:2  | Reached skill level 15 in Hexes
106070 | Crypt:2  | Reached skill level 15 in Summonings
106070 | Crypt:2  | Reached skill level 15 in Necromancy
106070 | Crypt:2  | Reached skill level 15 in Translocations
106070 | Crypt:2  | Reached skill level 15 in Transmutations
106070 | Crypt:2  | Reached skill level 15 in Fire Magic
106070 | Crypt:2  | Reached skill level 15 in Ice Magic
106070 | Crypt:2  | Reached skill level 15 in Earth Magic
106070 | Crypt:2  | Reached skill level 15 in Poison Magic
106075 | Crypt:2  | Reached skill level 21 in Unarmed Combat
106446 | Crypt:3  | Entered Level 3 of the Crypt
107136 | Crypt:3  | Identified the +7 falchion of the Gazing Fox {venom,
                  | Will++}
107171 | Crypt:3  | Found a staircase to the Tomb.
107548 | Crypt:3  | Found an ancient bone altar of Kikubaaqudgha.
107583 | Crypt:3  | Identified the +9 sling "Goblinslayer" {flame, Fly rF+
                  | rCorr}
107583 | Crypt:3  | Identified the +1 plate armour "Tausoc" {+Blink rN+ Dex-2
                  | SInv}
107586 | Crypt:3  | Noticed a dread lich
107608 | Crypt:3  | Killed a dread lich
108006 | Crypt:3  | Received a gift from Sif Muna
108318 | Crypt:3  | Identified the ring of Wokyt {rN+ SInv}
108318 | Crypt:3  | Identified the ring of Fixation {rN+ Dex+4}
108735 | Crypt:3  | Reached XP level 26. HP: 232/232 MP: 30/45
109428 | Shoals:2 | Bought a scroll of enchant armour for 120 gold pieces
109913 | Vaults:5 | Entered Level 5 of the Vaults
110067 | Vaults:5 | Noticed a dread lich
110068 | Vaults:5 | Received a gift from Sif Muna
110070 | Vaults:5 | Paralysed by a dread lich for 2 turns
110079 | Vaults:4 | Reached skill level 22 in Unarmed Combat
110336 | Vaults:4 | Killed a dread lich
110453 | Abyss:3  | Cast into level 3 of the Abyss (a deep elf sorcerer)
110779 | Abyss:3  | Reached ****** piety under Sif Muna
111070 | Vaults:4 | Escaped the Abyss
111624 | Vaults:5 | Received a gift from Sif Muna
111708 | Vaults:5 | Got Sif Muna's Tome of Gelid Lightning {god gift}
111870 | Vaults:5 | Identified the ring "Tunecimue" {rF+ Will+ Dex+4}
111904 | Vaults:5 | Identified the +3 mace "Efuad" {vamp, *Rage Will+ Dex+2
                  | SInv}
112060 | Vaults:5 | Found the ring of the Octopus King
112067 | Vaults:5 | Got a silver rune of Zot
112068 | Vaults:5 | Identified a ring of the Octopus King {rCorr HP+2 AC+2 EV+2
                  | SH+2}
112073 | Vaults:5 | Identified the ring of Fysic {Ice Slay+2}
112113 | Vaults:5 | Identified the +6 scale mail of Midwinter {*Corrode rElec
                  | rPois Dex+7}
112197 | Vaults:5 | Noticed an ancient lich
112216 | Vaults:5 | Killed an ancient lich
112441 | Vaults:5 | Got Reabb's Compendium of the Throng and Malediction {god
                  | gift}
112883 | Vaults:5 | Identified the +7 trident "Ritheubo" {flame, rElec Dex+3}
113017 | Vaults:5 | Reached XP level 27. HP: 240/240 MP: 32/46
113288 | Vaults:5 | Acquired a +3 hand crossbow of freezing
113866 | Hell     | Entered the Vestibule of Hell
113866 | Hell     | Noticed Geryon
113889 | Hell     | Killed Geryon
114416 | Hell     | Found a gateway to the Iron City of Dis.
114708 | Hell     | Found a gateway to the ashen valley of Gehenna.
114954 | Hell     | Found a gateway to the decaying netherworld of Tartarus.
115158 | Hell     | Found a gateway to the freezing wastes of Cocytus.
115307 | Depths:3 | Learned a level 8 spell: Ignition
115309 | Depths:3 | Voluntarily entered the Abyss.
115327 | Abyss:3  | Received a gift from Sif Muna
115362 | Abyss:3  | Got Sif Muna's Parchment of Malediction and Profane Magic
                  | {god gift}
115598 | Abyss:3  | Lost mutation: You are robust. (+10% HP) [a cacodemon]
115600 | Abyss:3  | Reached skill level 23 in Unarmed Combat
115611 | Abyss:3  | Noticed an ancient lich
115636 | Abyss:3  | Killed an ancient lich
115670 | Abyss:3  | Paralysed by accursed screaming for 2 turns
115674 | Depths:3 | Escaped the Abyss
115855 | Depths:3 | Voluntarily entered the Abyss.
116154 | Abyss:3  | Noticed an ancient lich
116163 | Abyss:3  | Killed an ancient lich
116206 | Abyss:3  | Received a gift from Sif Muna
116207 | Abyss:3  | Got Sif Muna's Vellum of Harmful Generation {god gift}
116416 | Depths:3 | Escaped the Abyss
116611 | Depths:3 | Voluntarily entered the Abyss.
116776 | Abyss:3  | Paralysed by accursed screaming for 1 turns
116886 | Depths:3 | Escaped the Abyss
117235 | Depths:3 | Voluntarily entered the Abyss.
117257 | Abyss:3  | Paralysed by accursed screaming for 1 turns
117259 | Abyss:3  | Received a gift from Sif Muna
117260 | Abyss:3  | Got Sif Muna's Grimoire of Gathered Imprecation {god gift}
117270 | Abyss:3  | Paralysed by accursed screaming for 1 turns
117639 | Abyss:3  | Received a gift from Sif Muna
117710 | Depths:3 | Escaped the Abyss
117739 | Depths:3 | Voluntarily entered the Abyss.
117776 | Abyss:3  | Found a shimmering altar of Xom.
117793 | Abyss:3  | Gained mutation: You are frail. (-10% HP) [a neqoxec]
117963 | Abyss:3  | Received a gift from Sif Muna
117974 | Abyss:3  | Learned a level 2 spell: Blink
118121 | Depths:3 | Escaped the Abyss
118141 | Depths:3 | Voluntarily entered the Abyss.
118175 | Abyss:3  | Found a corrupted altar of Lugonu.
118387 | Abyss:3  | Reached skill level 24 in Unarmed Combat
118429 | Depths:3 | Escaped the Abyss
118684 | Depths:3 | Voluntarily entered the Abyss.
118699 | Abyss:3  | Found a snail-covered altar of Cheibriados.
118881 | Abyss:3  | Received a gift from Sif Muna
118927 | Abyss:3  | Got Sif Muna's Guide on Necrotic Hexes {god gift}
119093 | Abyss:3  | Gained mutation: Your magical capacity is low. (-10% MP) [a
                  | shining eye]
119097 | Abyss:3  | Gained mutation: You are clumsy. (Dex -2) [a shining eye]
119231 | Depths:3 | Escaped the Abyss
119428 | Depths:3 | Lost mutation: Your movements are slightly less encumbered
                  | by armour. (ER -2) [potion of mutation]
119428 | Depths:3 | Lost mutation: You are clumsy. (Dex -2) [potion of
                  | mutation]
119428 | Depths:3 | Lost mutation: Your magical capacity is low. (-10% MP)
                  | [potion of mutation]
119428 | Depths:3 | Gained mutation: Your body sometimes deteriorates upon
                  | taking damage. [potion of mutation]
119428 | Depths:3 | Gained mutation: You occasionally lose the ability to read
                  | scrolls when taking damage. [potion of mutation]
119428 | Depths:3 | Gained mutation: You are partially covered in iridescent
                  | scales. (AC +2) [potion of mutation]
119429 | Depths:3 | Lost mutation: Your body sometimes deteriorates upon taking
                  | damage. [potion of mutation]
119429 | Depths:3 | Lost mutation: You are partially covered in iridescent
                  | scales. (AC +2) [potion of mutation]
119429 | Depths:3 | Lost mutation: You have sharp toenails. [potion of
                  | mutation]
119429 | Depths:3 | Gained mutation: You have hidden genetic defects. [potion
                  | of mutation]
119429 | Depths:3 | Gained mutation: You are partially covered in iridescent
                  | scales. (AC +2) [potion of mutation]
119429 | Depths:3 | Gained mutation: You are agile. (Dex +4, Str/Int -1)
                  | [potion of mutation]
119430 | Depths:3 | Lost mutation: You occasionally lose the ability to read
                  | scrolls when taking damage. [potion of mutation]
119430 | Depths:3 | Lost mutation: You are partially covered in iridescent
                  | scales. (AC +2) [potion of mutation]
119430 | Depths:3 | Gained mutation: You occasionally lose the ability to drink
                  | potions when taking damage. [potion of mutation]
119430 | Depths:3 | Gained mutation: Your muscles are strong. (Str +4, Int/Dex
                  | -1) [potion of mutation]
119431 | Depths:3 | Lost mutation: Your muscles are strong. (Str +4, Int/Dex
                  | -1) [potion of mutation]
119431 | Depths:3 | Lost mutation: You are frail. (-10% HP) [potion of
                  | mutation]
119431 | Depths:3 | Lost mutation: You have hidden genetic defects. [potion of
                  | mutation]
119431 | Depths:3 | Gained mutation: You sometimes lose the ability to drink
                  | potions when taking damage. [potion of mutation]
119431 | Depths:3 | Gained mutation: You have large cloven feet. [potion of
                  | mutation]
119431 | Depths:3 | Gained mutation: Your flesh is heat resistant. (rF+)
                  | [potion of mutation]
119433 | Depths:3 | Voluntarily entered the Abyss.
119614 | Abyss:3  | Received a gift from Sif Muna
119791 | Abyss:3  | Paralysed by you for 5 turns
119844 | Abyss:4  | Gained mutation: Armour fits poorly on your strangely
                  | shaped body. [a neqoxec]
119856 | Depths:3 | Escaped the Abyss
120094 | Depths:3 | Voluntarily entered the Abyss.
120285 | Abyss:4  | Gained mutation: Your spells are a little easier to cast,
                  | but a little less powerful. [a neqoxec]
120556 | Abyss:4  | Got an abyssal rune of Zot
120658 | Abyss:4  | Paralysed by accursed screaming for 2 turns
120787 | Depths:3 | Escaped the Abyss
121548 | Zot:1    | Entered Level 1 of the Realm of Zot
122282 | Zot:1    | Reached skill level 25 in Unarmed Combat
123036 | Zot:2    | Identified the +6 falchion "Leviticus" {flame, rElec rPois
                  | rC-}
123777 | Zot:3    | Found a transporter.
123779 | Zot:3    | Noticed Hiwem's ghost (legendary TrBe)
124112 | Zot:3    | Noticed a dread lich
124113 | Zot:3    | Found a transporter.
126770 | Zot:4    | Identified the +3 ring mail of the Desert {Fly Regen+ Int-2
                  | SInv}
127204 | Zot:5    | Entered Level 5 of the Realm of Zot
127204 | Zot:5    | Noticed an orb of fire
127217 | Zot:4    | Learned a level 8 spell: Necromutation
127230 | Zot:5    | Killed an orb of fire
127243 | Zot:4    | Learned a level 6 spell: Statue Form
127247 | Zot:4    | Learned a level 3 spell: Portal Projectile
130401 | Depths:3 | Lost mutation: Your flesh is heat resistant. (rF+) [potion
                  | of mutation]
130401 | Depths:3 | Lost mutation: You have large cloven feet. [potion of
                  | mutation]
130401 | Depths:3 | Lost mutation: You are agile. (Dex +4, Str/Int -1) [potion
                  | of mutation]
130401 | Depths:3 | Gained mutation: Your spells are easier to cast, but less
                  | powerful. [potion of mutation]
130401 | Depths:3 | Lost mutation: Armour fits poorly on your strangely shaped
                  | body. [potion of mutation]
130401 | Depths:3 | Gained mutation: You have a pair of small horns on your
                  | head. [potion of mutation]
131415 | Zot:3    | Lost mutation: You have a pair of small horns on your head.
                  | [potion of mutation]
131415 | Zot:3    | Lost mutation: Your spells are easier to cast, but less
                  | powerful. [potion of mutation]
131415 | Zot:3    | Lost mutation: Your spells are a little easier to cast, but
                  | a little less powerful. [potion of mutation]
131415 | Zot:3    | Gained mutation: You expend magic power (3 MP) to
                  | strengthen your wands. [potion of mutation]
131415 | Zot:3    | Gained mutation: You possess an exceptional clarity of
                  | mind. [potion of mutation]
131525 | Zig:1    | Entered Level 1 of a ziggurat
131547 | Zig:2    | Entered Level 2 of a ziggurat
131597 | Zig:3    | Entered Level 3 of a ziggurat
131693 | Zig:4    | Entered Level 4 of a ziggurat
131776 | Zig:4    | Identified the +2 pair of boots of Surprise {Contam rC+
                  | Str+6 Stlth+}
131785 | Zig:5    | Entered Level 5 of a ziggurat
131819 | Zig:5    | Identified the +9 shortbow of Xedych {venom, rF+}
131825 | Zig:6    | Entered Level 6 of a ziggurat
131847 | Zig:6    | Identified the amulet "Xefa" {Faith Dex+3}
131925 | Zig:6    | Identified the +9 falchion of Hawnou {vorpal, +Blink}
131953 | Zig:7    | Entered Level 7 of a ziggurat
132066 | Zig:7    | Identified the ring "Hicozuts" {Wiz Drain rC+++ Int+3}
132073 | Zig:7    | Identified the ring "Becvos" {rPois rF+ Will+ Str+4 Int+3}
132082 | Zig:8    | Entered Level 8 of a ziggurat
132188 | Zig:8    | Identified the ring of Limitation {AC+4 Dex+4 Stlth+}
132376 | Zig:9    | Entered Level 9 of a ziggurat
132532 | Zig:9    | Found the +5 demon whip "Spellbinder" {antimagic, Will+}
132559 | Zig:10   | Entered Level 10 of a ziggurat
132579 | Zig:10   | Reached skill level 26 in Unarmed Combat
132750 | Zig:10   | Acquired the +3 pair of boots "Ziploc" {Regen+ Dex+5}
132767 | Zig:10   | Identified the ring "Maoniuph" {rCorr Str+4}
132768 | Zig:10   | Identified the +11 shortbow "Jecleil" {vorpal, rC+ rCorr
                  | Stlth-}
132840 | Zig:11   | Entered Level 11 of a ziggurat
132846 | Zig:11   | Noticed a royal mummy
132856 | Zig:11   | Noticed a royal mummy
132863 | Zig:11   | Killed a royal mummy
132870 | Zig:11   | Killed a royal mummy
132969 | Zig:11   | Identified the +15 plate armour "Liruss" {Will- Str+4}
133019 | Zig:12   | Entered Level 12 of a ziggurat
133042 | Zig:12   | Learned a level 4 spell: Olgreb's Toxic Radiance
133056 | Zig:12   | Paralysed by a jorogumo for 3 turns
133070 | Zig:12   | HP: 13/279 [spore (8)]
133070 | Zig:12   | HP: 5/279 [spore (4)]
133243 | Zig:12   | Identified the ring "Esinoozo" {*Slow rElec rN++ rCorr
                  | EV+4}
133256 | Zig:12   | Identified the +6 flail "Ilidi" {vorpal, rPois rC- rN++
                  | Dex+4}
133272 | Zig:13   | Entered Level 13 of a ziggurat
133295 | Zig:13   | Paralysed by an air elemental for 1 turns
133299 | Zig:13   | Paralysed by an air elemental for 1 turns
133666 | Zig:13   | Identified the +5 lajatang "Icel" {flame, Str+2 Dex+2}
133674 | Zig:14   | Entered Level 14 of a ziggurat
133777 | Zig:14   | Identified the ring of Altruism {+Blink rN+ MP+9 Stlth+}
133809 | Zig:14   | Lost mutation: You possess an exceptional clarity of mind.
                  | [potion of mutation]
133809 | Zig:14   | Lost mutation: You expend magic power (3 MP) to strengthen
                  | your wands. [potion of mutation]
133809 | Zig:14   | Gained mutation: Armour fits poorly on your strangely
                  | shaped body. [potion of mutation]
133809 | Zig:14   | Gained mutation: You do not regenerate when monsters are
                  | visible. [potion of mutation]
133809 | Zig:14   | Gained mutation: You possess an exceptional clarity of
                  | mind. [potion of mutation]
133810 | Zig:14   | Lost mutation: You do not regenerate when monsters are
                  | visible. [potion of mutation]
133810 | Zig:14   | Lost mutation: Armour fits poorly on your strangely shaped
                  | body. [potion of mutation]
133810 | Zig:14   | Gained mutation: Your mind is acute. (Int +4, Str/Dex -1)
                  | [potion of mutation]
133810 | Zig:14   | Gained mutation: Your flesh is heat resistant. (rF+)
                  | [potion of mutation]
133810 | Zig:14   | Gained mutation: You have hidden genetic potential. [potion
                  | of mutation]
133810 | Zig:14   | Gained mutation: Your flesh is cold resistant. (rC+)
                  | [potion of mutation]
133895 | Zig:15   | Entered Level 15 of a ziggurat
134152 | Zig:15   | Identified the ring "Cich" {rElec rC- Int+5 Dex+6 Stlth-}
134155 | Zig:15   | Identified the +10 war axe of a Million Beasts {vorpal,
                  | Dex+2 Stlth+}
134158 | Zig:15   | Identified the +9 mace of Taxation {antimagic, rElec Dex+6}
134172 | Zig:15   | Lost mutation: Your flesh is heat resistant. (rF+) [potion
                  | of mutation]
134172 | Zig:15   | Lost mutation: You possess an exceptional clarity of mind.
                  | [potion of mutation]
134172 | Zig:15   | Lost mutation: Your flesh is cold resistant. (rC+) [potion
                  | of mutation]
134172 | Zig:15   | Lost mutation: Your mind is acute. (Int +4, Str/Dex -1)
                  | [potion of mutation]
134172 | Zig:15   | Gained mutation: Your muscles are strong. (Str +4, Int/Dex
                  | -1) [potion of mutation]
134173 | Zig:15   | Lost mutation: Your muscles are strong. (Str +4, Int/Dex
                  | -1) [potion of mutation]
134173 | Zig:15   | Lost mutation: You sometimes lose the ability to drink
                  | potions when taking damage. [potion of mutation]
134173 | Zig:15   | Lost mutation: You have hidden genetic potential. [potion
                  | of mutation]
134173 | Zig:15   | Gained mutation: You passively map a small area around you.
                  | [potion of mutation]
134173 | Zig:15   | Gained mutation: You are frail. (-10% HP) [potion of
                  | mutation]
134174 | Zig:15   | Lost mutation: You occasionally lose the ability to drink
                  | potions when taking damage. [potion of mutation]
134174 | Zig:15   | Lost mutation: You passively map a small area around you.
                  | [potion of mutation]
134174 | Zig:15   | Lost mutation: You are frail. (-10% HP) [potion of
                  | mutation]
134174 | Zig:15   | Gained mutation: Armour fits poorly on your strangely
                  | shaped body. [potion of mutation]
134175 | Zig:15   | Lost mutation: Armour fits poorly on your strangely shaped
                  | body. [potion of mutation]
134175 | Zig:15   | Gained mutation: You are agile. (Dex +4, Str/Int -1)
                  | [potion of mutation]
134175 | Zig:15   | Gained mutation: You occasionally lose the ability to drink
                  | potions when taking damage. [potion of mutation]
134181 | Zig:16   | Entered Level 16 of a ziggurat
134201 | Zig:16   | Found the +3 salamander hide armour {Flames rF++ rC--}
134205 | Zig:16   | Reached skill level 27 in Unarmed Combat
134229 | Zig:16   | Identified the amulet "Kaczex" {Acrobat *Slow rElec Dex+9}
134244 | Zig:16   | Lost mutation: You are agile. (Dex +4, Str/Int -1) [potion
                  | of mutation]
134244 | Zig:16   | Lost mutation: You occasionally lose the ability to drink
                  | potions when taking damage. [potion of mutation]
134244 | Zig:16   | Gained mutation: You sometimes lose your temper in combat.
                  | [potion of mutation]
134244 | Zig:16   | Gained mutation: You are dopey. (Int -2) [potion of
                  | mutation]
134244 | Zig:16   | Lost mutation: You are dopey. (Int -2) [potion of mutation]
134254 | Zig:17   | Entered Level 17 of a ziggurat
134291 | Zig:17   | Paralysed by an air elemental for 1 turns
134405 | Zig:17   | Identified the +0 robe of Instinct {rPois}
134489 | Zig:18   | Entered Level 18 of a ziggurat
134895 | Zig:18   | Identified the +0 leather armour "Esaixt" {rC+}
134917 | Zig:18   | Identified the +4 halberd "Onijuava" {drain, Will+ rCorr}
135111 | Zig:19   | Entered Level 19 of a ziggurat
135115 | Zig:19   | Noticed a dread lich
135318 | Zig:19   | Killed a dread lich
135446 | Zig:19   | Identified the +0 plate armour "Voalyuge" {Regen+}
135461 | Zig:19   | Identified the amulet of Hiuli {Regen+ Int+3}
135471 | Zig:19   | Identified the +1 chain mail "Toum Fabi" {rC+ Int+2}
135496 | Zig:20   | Entered Level 20 of a ziggurat
135590 | Zig:20   | Noticed an ancient lich
135602 | Zig:20   | Noticed a dread lich
135604 | Zig:20   | Killed an ancient lich
135615 | Zig:20   | Killed a dread lich
135771 | Zig:20   | Identified the ring of Pinelioh {Fly rN+ Dex+3 Slay+4}
135778 | Zig:20   | Identified the +7 sling of Oozing Pus {flame, rC+ rN+
                  | Int+3}
135780 | Zig:20   | Identified the +1 war axe "Sytwuac" {freeze, Str+2 Dex+4}
135782 | Zig:20   | Identified the +3 falchion of the Mind {vorpal, Dex+7}
135789 | Zig:20   | Identified the +5 hand axe of Resourcefulness {venom, MP-9
                  | Str+6 Dex+3}
135798 | Zig:21   | Entered Level 21 of a ziggurat
136018 | Zig:21   | Found the +2 Maxwell's thermic engine {flame, freeze}
136141 | Zig:22   | Entered Level 22 of a ziggurat
136162 | Zig:22   | Noticed Zitwecw the pandemonium lord
136175 | Zig:22   | Killed Zitwecw the pandemonium lord
136192 | Zig:22   | Noticed Puufomp the pandemonium lord
136210 | Zig:22   | Killed Puufomp the pandemonium lord
136214 | Zig:22   | Noticed Urunafuc the pandemonium lord
136226 | Zig:22   | Noticed Qybum the pandemonium lord
136227 | Zig:22   | Noticed Feamelao the pandemonium lord
136229 | Zig:22   | Killed Urunafuc the pandemonium lord
136233 | Zig:22   | Noticed Vaom the pandemonium lord
136234 | Zig:22   | Noticed Murad the pandemonium lord
136241 | Zig:22   | Noticed Ulosin the pandemonium lord
136241 | Zig:22   | Noticed Ygruasat the pandemonium lord
136242 | Zig:22   | HP: 3/204 [Vaom the pandemonium lord/great blast of fire
                  | (22)]
136242 | Zig:22   | Killed Vaom the pandemonium lord
136242 | Zig:22   | Killed from afar by Vaom

Illustrated notes

Levels and vault maps discovered:
D:1:      lightli_arrival_statue_moat, layout_basic
D:2:      layout_loops_corners, basic_altar, ebering_ecumenical_altar_rust,
          serial_shops, shop, nrook_campfire, grunt_ministairs_1
D:3:      layout_rooms, gup_sewer_entry_spiral
D:4:      layout_basic, mainiacjoe_overflow_catch_the_wave, uniq_ijyb
D:5:      layout_cave_pools, serial_glass, glass_columns_a, glass_columns_a,
          feat_on_display, item_on_display_a, minmay_strange_pillars,
          uniq_duvessa
D:6:      layout_rooms, minmay_temple_entry_large_hall,
          nicolae_underground_beach
D:7:      layout_gridville, nicolae_water_bricks, uniq_joseph
D:8:      layout_gridville, uniq_prince_ribbit1
D:9:      layout_layer_cave, grunt_lair_entry_orc_guard_hut, serial_shops, shop
D:10:     layout_loops_ring, serial_shops, kennysheep_mini_moat, uniq_josephine
D:11:     layout_roguey, nicolae_wwwww, serial_bayou_pond_d,
          minmay_misc_feat_doors, corexii_leaking_fountain,
          chequers_guarded_unrand_ignorance
D:12:     layout_roguey, david_orc_5, minivault_11, uniq_nessos, uniq_kirke
D:13:     layout_roguey, ebering_ghost_xom, minmay_lizard_king
D:14:     layout_irregular_city, david_vaults_5
D:15:     gammafunk_enter_depths_forms, layout_gridville, elyvilon_altar_4
Temple:   mainiacjoe_temple_big_plus
Lair:1:   layout_hall_layers, grunt_forest_small_clearing_treed, uniq_grum,
          uniq_maggie
Lair:2:   layout_regular_city, elwin_shoals_entry_rocks,
          minmay_snake_entry_guardpost_small
Lair:3:   layout_roguey, lemuel_fruit_tree, grunt_megastairs_4
Lair:4:   layout_concentric_octagons, minmay_slime_entry_oklob_enclosed,
          gammafunk_ghost_hydra_chop, gauntlet_entry_generic,
          serial_bayou_shore_a, grunt_megastairs_1, infiniplex_staircase_pool
Lair:5:   guppyfry_lair_end_dragon, layout_hall_layers,
          hellmonk_ghost_happy_afterlife, disabler_island
Shoals:1: layout_shoals
Shoals:2: nicolae_shoals_island_circles, layout_shoals, serial_shops,
          nicolae_diamond_shop, shop, shop, nicolae_shoals_pincushion_passage,
          uniq_polyphemus, uniq_ilsuiw, uniq_louise
Shoals:3: layout_shoals, lemuel_altar_in_water, hangedman_shoals_cup_caves
Shoals:4: shoals_end_grunt_garden, layout_shoals
Snake:1:  nicolae_snake_unarmed_stairs_patrol, layout_basic, basic_altar
Snake:2:  layout_misc_corridors
Snake:3:  layout_cave_shapes, nicolae_triple_integral, grunt_megastairs_3,
          uniq_mlioglotl
Snake:4:  grunt_snake_rune_pools, layout_rooms, serial_shops, shop, shop,
          st_stairs_6
Orc:1:    layout_caves, mines1_david
Orc:2:    st_orc_ogre_mass, layout_diamond_mine
Elf:1:    eino_elf_arrival_altar, layout_onion_city, minmay_elf_sorcery,
          minmay_shop_star
Elf:2:    nicolae_elf_blades_crystal_corner, layout_gridlike, uniq_jorgrun
Elf:3:    nooodl_elf_gasket, layout_rooms, serial_shops, nicolae_diamond_shop,
          ebering_ghost_xom
Vaults:1: ontoclasm_vaults_misaligned, vaults_room_grunt_arrival_ludios,
          hangedman_vaults_hard_town_square, grunt_vaults_twisty,
          hangedman_vaults_stitches, v_alt_pattern_4,
          nicolae_vaults_little_squares_4, ontoclasm_vaults_decontamination,
          vaults_room_grid, nicolae_vaults_yaktaur_gun_rack, v_misc_29,
          layout_vaults_omnigrid
Vaults:2: nicolae_vaults_bisected_inception, blue_anna_dwarven_crypt,
          nicolae_vaults_three_branches, v_rooms_2, vaults_standard_mumra_lines,
          vaults_dpeg_diagonal, nicolae_vaults_ninety_degrees, v_misc_16,
          v_rooms_6, hangedman_vaults_stretched_pinwheel, v_alt_pattern_6,
          ontoclasm_vaults_loading_screen, layout_vaults_omnibox, uniq_margery
Vaults:3: portal_desolation_entry_garden, v_misc_23, hangedman_vaults_stagger,
          vaults_room_pools, ontoclasm_vaults_ring_large,
          nicolae_vaults_network_quinsquares
          [nicolae_vaults_network_quincunx_subvault,
          nicolae_vaults_network_quincunx_subvault,
          nicolae_vaults_network_quincunx_subvault,
          nicolae_vaults_network_quincunx_subvault], v_misc_26,
          vaults_dpeg_encased_lava, v_misc_28, grunt_vaults_trifunnel,
          v_misc_30, vaults_dpeg_ring, grunt_vaults_hallway_long,
          layout_vaults_big_room, uniq_mara, uniq_nikola
Vaults:4: nicolae_vaults_branching_niches, ontoclasm_vaults_ring_large,
          v_pattern_4, grunt_vaults_swirl, v_misc_13, v_misc_19,
          hangedman_vaults_nails, dpeg_vaults_monster_box,
          ontoclasm_vaults_pinch, nicolae_vaults_network_s,
          layout_vaults_maze_snakey
Vaults:5: serial_shops
Crypt:1:  layout_misc_corridors, uniq_grunn, uniq_sojobo
Crypt:2:  layout_chaotic_city
Crypt:3:  church_of_pain_bobbens, layout_chaotic_city
Depths:1: layout_cave_pools, serial_shops, nicolae_square_shop,
          grunt_pan_entry_spiral, pf_coc_iceberg,
          nicolae_dithmenos_through_a_glass_darkly
Depths:2: minmay_octagon_city, layout_small_grid, pf_hell_entry_great_geh,
          rand_demon_pan_entry_9, nicolae_twisting_strands, minmay_three_doors,
          uniq_saint_roka
Depths:3: minmay_the_grid_four_pointed_star
          [minmay_the_grid_triangle_9x9_negative_grid,
          minmay_the_grid_triangle_9x9_skeleton,
          minmay_the_grid_triangle_9x9_cache,
          minmay_the_grid_triangle_9x9_steps, minmay_the_grid_prize_trominoes],
          layout_gridville, enter_ziggurat_a, minmay_tree_intersection,
          hell_entry, serial_shops, shop, abyss_entry
Depths:4: grunt_twist_and_shout, layout_gridlike, lightli_too_deep
Hell
Zot:1:    layout_cathedral_of_symmetry
Zot:2:    layout_cellular_growth
Zot:3:    layout_onion_interference, gammafunk_ghost_mausoleum
Zot:4:    kennysheep_bubbly, layout_misc_corridors
Zot:5:    layout_misc_corridors, guppyfry_library_mini
Zig:22

Skill      XL: |  1  2  3  4  5  6  7  8  9 10 11 12 13 14 15 16 17 18 19 20 21 22 23 24 25 26 27 |
---------------+----------------------------------------------------------------------------------+-----
Conjurations   | 2 3 4 5 6 7 8 9 10 11 12 13 14 15 16 19 | 19.5
Spellcasting   | 5 6 7 8 9 10 11 12 13 14 15 16 17 18 19 23 | 23.0
Invocations    | 1 2 3 4 5 6 7 8 10 11 12 13 14 15 16 17 18 19 20 24 | 24.4
Fighting       | 1 2 3 4 5 6 7 8 9 10 11 12 13 14 15 16 17 18 22 | 22.6
Short Blades   | 1 2 3 4 5 6 7 8 9 10 11 12 13 14 15 16 17 18 22 | 22.6
Long Blades    | 1 2 3 4 5 6 7 8 9 10 11 12 13 14 15 16 17 18 22 | 22.6
Axes           | 1 2 3 4 5 6 7 8 9 10 11 12 13 14 15 16 17 18 24 | 24.3
Maces & Flails | 1 2 3 4 5 6 7 8 9 10 11 12 13 14 15 16 17 18 22 | 22.6
Polearms       | 1 2 3 4 5 6 7 8 9 10 11 12 13 14 15 16 17 18 25 | 25.8
Staves         | 1 2 3 4 5 6 7 8 9 10 11 12 13 14 15 16 17 18 22 | 22.7
Ranged Weapons | 1 2 3 4 5 6 7 8 9 10 11 12 13 14 15 16 17 18 22 | 22.6
Throwing       | 1 2 3 4 5 6 7 8 9 10 11 12 13 14 15 16 17 18 22 | 22.6
Armour         | 1 2 3 4 5 6 7 8 9 10 11 12 13 14 15 16 17 18 22 | 22.6
Shields        | 1 2 3 4 5 6 7 8 9 10 11 12 13 14 15 16 17 18 22 | 22.6
Unarmed Combat | 1 2 3 4 5 6 7 8 9 10 11 12 13 14 16 17 18 19 20 21 22 27 | 27.0
Evocations     | 1 2 3 4 5 6 7 8 9 10 11 12 13 14 15 16 17 18 22 | 22.6
Hexes          | 1 2 3 4 5 6 7 8 9 10 11 12 13 14 15 19 | 19.4
Summonings     | 1 2 3 4 5 6 7 8 9 10 11 12 13 14 15 19 | 19.4
Necromancy     | 1 2 3 4 5 6 7 8 9 10 11 12 13 14 15 19 | 19.4
Translocations | 1 2 3 4 5 6 7 8 9 10 11 12 13 14 15 19 | 19.4
Transmutations | 1 2 3 4 5 6 7 8 9 10 11 12 13 14 15 19 | 19.4
Fire Magic     | 1 2 3 4 5 6 7 8 9 10 11 12 13 14 15 19 | 19.4
Ice Magic      | 1 2 3 4 5 6 7 8 9 10 11 12 13 14 15 20 | 20.4
Earth Magic    | 1 2 3 4 5 6 7 8 9 10 11 12 13 14 15 19 | 19.4
Poison Magic   | 1 2 3 4 5 6 7 8 9 10 11 12 13 14 15 19 | 19.4
Dodging        | 5 6 7 8 9 10 11 12 13 14 15 16 17 18 19 23 | 23.0
Stealth        | 5 6 7 8 9 10 11 12 13 14 15 16 17 18 19 22 | 22.9
Air Magic      | 6 7 8 9 10 11 12 13 14 15 16 20 | 20.0

Action                   |  1- 3 |  4- 6 |  7- 9 | 10-12 | 13-15 | 16-18 | 19-21 | 22-24 | 25-27 || total
-------------------------+-------+-------+-------+-------+-------+-------+-------+-------+-------++-------
Melee: Short sword       |    26 |     8 |       |       |       |       |       |       |       ||    34
       Punch             |     2 |       |     4 |     6 |    13 |       |       |       |       ||    25
       Bite              |     1 |     1 |    16 |    24 |   127 |    61 |    35 |   302 |   523 ||  1090
       Spear             |       |       |   115 |    92 |   392 |       |       |       |       ||   599
       Whip              |       |       |    38 |    14 |    13 |       |       |       |       ||    65
       Hand axe          |       |       |     2 |       |       |       |       |       |       ||     2
       Dagger            |       |       |     1 |     3 |       |       |       |       |       ||     4
       Broad axe         |       |       |       |     5 |       |       |       |       |       ||     5
       Dire flail        |       |       |       |     8 |       |       |       |       |       ||     8
       Double sword      |       |       |       |       |    43 |       |       |       |    53 ||    96
       Demon blade       |       |       |       |       |   307 |   434 |   117 |  1346 |  2407 ||  4611
       Scimitar          |       |       |       |       |     8 |       |       |       |       ||     8
       Kick              |       |       |       |       |       |       |       |    34 |   685 ||   719
 Fire: Sling             |    10 |       |       |       |       |   164 |  1618 |    24 |   397 ||  2213
       Shortbow          |       |     5 |    40 |     3 |       |       |       |       |       ||    48
       Arbalest          |       |       |       |     5 |    27 |       |       |       |       ||    32
       Hand crossbow     |       |       |       |       |       |       |       |       |  1251 ||  1251
Throw: Boomerang         |    11 |    20 |       |       |       |       |       |       |       ||    31
       Dart              |       |       |       |       |     1 |     2 |       |       |       ||     3
       Javelin           |       |       |       |       |       |    29 |       |     4 |     2 ||    35
 Cast: Shock             |    38 |    30 |    44 |    96 |    86 |    93 |       |       |       ||   387
       Static Discharge  |     7 |    29 |    42 |   111 |   237 |    63 |    51 |    37 |     9 ||   586
       Ignite Poison     |       |       |    17 |    30 |   112 |   223 |   154 |   145 |    86 ||   767
       Summon Lightning  |       |       |     8 |    28 |   101 |    58 |    11 |     6 |     5 ||   217
       Swiftness         |       |       |     1 |     2 |     1 |     1 |       |       |     4 ||     9
       Mephitic Cloud    |       |       |       |     5 |     7 |       |       |       |       ||    12
       Freezing Cloud    |       |       |       |       |     9 |     1 |     2 |       |       ||    12
       Apportation       |       |       |       |       |     1 |       |       |       |       ||     1
       Confusing Touch   |       |       |       |       |     2 |     3 |       |     2 |       ||     7
       Olgreb's Toxic Ra |       |       |       |       |       |   126 |    80 |    35 |    25 ||   266
       Iskenderun's Myst |       |       |       |       |       |   116 |     3 |     2 |     3 ||   124
       Yara's Violent Un |       |       |       |       |       |    13 |    44 |     7 |    16 ||    80
       Passwall          |       |       |       |       |       |     1 |       |       |     2 ||     3
       Irradiate         |       |       |       |       |       |     4 |    42 |    12 |    74 ||   132
       Spellforged Servi |       |       |       |       |       |       |       |    16 |   136 ||   152
       Statue Form       |       |       |       |       |       |       |       |     6 |   111 ||   117
       Ignition          |       |       |       |       |       |       |       |     1 |    65 ||    66
       Necromutation     |       |       |       |       |       |       |       |       |    27 ||    27
       Portal Projectile |       |       |       |       |       |       |       |       |    13 ||    13
       Lehudib's Crystal |       |       |       |       |       |       |       |       |     9 ||     9
       Blink             |       |       |       |       |       |       |       |       |     6 ||     6
       Borgnjor's Revivi |       |       |       |       |       |       |       |       |     2 ||     2
       Polar Vortex      |       |       |       |       |       |       |       |       |     1 ||     1
       Dragon's Call     |       |       |       |       |       |       |       |       |     1 ||     1
Invok: Channel Magic     |       |       |       |       |     2 |    11 |     3 |     5 |    24 ||    45
       Divine Exegesis   |       |       |       |       |       |       |       |     1 |     4 ||     5
       Forget Spell      |       |       |       |       |       |       |       |       |     1 ||     1
 Abil: End Transformatio |       |       |       |       |       |       |       |       |     9 ||     9
Evoke: Wand              |       |       |       |     7 |     4 |     4 |     1 |       |       ||    16
  Use: Scroll            |     2 |     1 |     9 |    12 |    18 |    11 |     7 |    12 |    39 ||   111
       Potion            |       |       |     1 |       |     5 |     9 |    10 |     2 |    35 ||    62
 Stab: Sleeping          |     3 |     1 |     6 |    10 |    20 |     3 |     1 |     7 |    11 ||    62
       Distracted        |       |       |     1 |     3 |    11 |     2 |       |    11 |    34 ||    62
       Paralysed         |       |       |       |       |     4 |       |       |       |       ||     4
       Confused          |       |       |       |       |       |     1 |       |     1 |       ||     2
       Invisible         |       |       |       |       |       |       |       |       |     1 ||     1
       Petrifying        |       |       |       |       |       |       |       |       |     1 ||     1
Armor: Robe              |     9 |     4 |    21 |       |       |       |       |       |       ||    34
       Ring mail         |       |       |    11 |    10 |       |       |     1 |       |       ||    22
       Troll leather arm |       |       |       |    37 |    48 |       |       |       |       ||    85
       Swamp dragon scal |       |       |       |       |   170 |   117 |   192 |   159 |   563 ||  1201
       Skin              |       |       |       |       |       |       |       |    60 |   705 ||   765
Dodge: Dodged            |    27 |    22 |   131 |   144 |   296 |   153 |   452 |   502 |  3370 ||  5097
Block: Tower shield      |       |       |       |       |   922 |   797 |  1232 |  1803 |  6047 || 10801
       Buckler           |       |       |       |       |       |       |   105 |       |   419 ||   524
       Reflection        |       |       |       |       |       |       |    52 |    42 |     3 ||    97
